Workbook
Name Print_Area: 'Cronograma (não desonerado)'!$A$2:$J$54

Sheet Sintetica (não desonerado)
A1: OBRA | E1: BANCO | G1: BDI
A2: UNIVERSIDADE FEDERAL DOS VALES DO JEQUITINHONHA E MUCURI CAMPUS PRESIDENTE JUSCELINO KUBITSCHEK - DIAMANTINA - MG REFORMA E AMPLIAÇÃO DO ABRIGO DE RESÍDUOS DE SERVIÇOS DE SAÚDE (RSS) PLANILHA ORÇAMENTÁRIA SINTÉTICA DE REFERÊNCIA - NÃO DESONERADA | E2: SINAPI - 02/2022 - Minas Gerais SETOP - 01/2022 - Minas Gerais | G2: 0.2511
A3: ITEM | B3: CÓDIGO | C3: DESCRIÇÃO | D3: UN | E3: QTDE | F3: P. TOTAL UNITÁRIO | G3: PREÇO TOTAL
A4: 1 | B4: MOBILIZAÇÃO E DESMOBILIZAÇÃO DE OBRA
A5: 1.1 | B5: MOB-DES-020 | C5: OBRAS COM VALOR ATÉ 1.000.000,00 | D5: % | E5: 0.005 | F5: =SUM(G10,G16,G37,G51,G79,G85,G90,G131,G151,G158,G177,G184,G203,G213,G222) -> 200824.01 | G5: =ROUND(F5*E5,2) -> 1004.12
A6: CUSTO TOTAL DO ITEM 01 | G6: =SUM(G5) -> 1004.12
A8: 2 | B8: ADMINISTRAÇÃO LOCAL
A9: 2.1 | B9: 93572 | C9: ENCARREGADO GERAL DE OBRAS COM ENCARGOS COMPLEMENTARES | D9: MÊS | E9: 4 | F9: 6238.91 | G9: =ROUND(F9*E9,2) -> 24955.64
A10: CUSTO TOTAL DO ITEM 02 | G10: =SUM(G9) -> 24955.64
A12: 3 | B12: CANTEIRO DE OBRAS
A13: 3.1 | B13: ED-16660 | C13: FORNECIMENTO E COLOCAÇÃO DE PLACA DE OBRA EM CHAPA GALVANIZADA #26, ESP. 0,45 MM, PLOTADA COM ADESIVO VINÍLICO, AFIXADA COM REBITES 4,8X40 MM, EM ESTRUTURA METÁLICA DE METALON 20X20 MM, ESP. 1,25 MM, INCLUSIVE SUPORTE EM EUCALIPTO AUTOCLAVADO PINTADO COM TINTA PVA DUAS (2) DEMÃOS | D13: M2 | E13: 2.2 | F13: 204.75 | G13: =ROUND(F13*E13,2) -> 450.45
A14: 3.2 | B14: IIO-TAP-026 | C14: TAPUME COM TELA DE POLIETILENO | D14: M | E14: =14.45*12.4 -> 179.18 | F14: 15 | G14: =ROUND(F14*E14,2) -> 2687.7
A15: 3.3 | B15: LOC-OBR-005 | C15: LOCAÇÃO DA OBRA (GABARITO) | D15: M2 | E15: =6.35+26.38 -> 32.73 | F15: 8.38 | G15: =ROUND(F15*E15,2) -> 274.28
A16: CUSTO TOTAL DO ITEM 03 | G16: =SUM(G13:G15) -> 3412.43
A18: 4 | B18: ABRIGO EXTERNO DE RESÍDUOS
A19: 4.1 | B19: INFRAESTRUTURA
A20: 4.1.1 | B20: BLOCOS E VIGAS BALDRAMES | G20: =SUM(G21:G29) -> 3552.48
A21: 4.1.1.1 | B21: 97629 | C21: DEMOLIÇÃO DE PISO, DE FORMA MECANIZADA COM MARTELETE, SEM REAPROVEITAMENTO | D21: M3 | E21: 5.65 | F21: 103.42 | G21: =ROUND(F21*E21,2) -> 584.32
A22: 4.1.1.2 | B22: 93358 | C22: ESCAVAÇÃO MANUAL DE VALAS (BLOCOS E VIGAS BALDRAMES) | D22: M3 | E22: 2.54 | F22: 66.5 | G22: =ROUND(F22*E22,2) -> 168.91
A23: 4.1.1.3 | B23: 93382 | C23: REATERRO MANUAL DE VALAS COM COMPACTAÇÃO MECANIZADA. | D23: M3 | E23: 1.46 | F23: 27.29 | G23: =ROUND(F23*E23,2) -> 39.84
A24: 4.1.1.4 | B24: TER-REG-010 | C24: REGULARIZAÇÃO E COMPACTAÇÃO DE TERRENO COM PLACA VIBRATÓRIA (VIGAS BALDRAMES, SAPATAS E PISO) | D24: M2 | E24: 98.75 | F24: 4.12 | G24: =ROUND(F24*E24,2) -> 406.85
A25: 4.1.1.5 | B25: 96557 | C25: CONCRETAGEM DE BLOCOS DE COROAMENTO E VIGAS BALDRAMES, FCK 30 MPA, COM USO DE BOMBA  LANÇAMENTO, ADENSAMENTO E ACABAMENTO. | D25: M3 | E25: 1.12 | F25: 512.8 | G25: =ROUND(F25*E25,2) -> 574.34
A26: 4.1.1.6 | B26: EST-FOR-005 | C26: FORMA E DESFORMA DE TÁBUA E SARRAFO, REAPROVEITAMENTO (3X) - (BLOCOS, VIGAS BALDRAMES E PISO) | D26: M2 | E26: 21.48 | F26: 52.57 | G26: =ROUND(F26*E26,2) -> 1129.2
A27: 4.1.1.7 | B27: 98557 | C27: IMPERMEABILIZAÇÃO DE SUPERFÍCIE COM EMULSÃO ASFÁLTICA, 2 DEMÃOS | D27: M2 | E27: =16*0.6 -> 9.6 | F27: 36.22 | G27: =ROUND(F27*E27,2) -> 347.71
A28: 4.1.1.8 | B28: 96543 | C28: ARMAÇÃO DE BLOCO, VIGA BALDRAME E SAPATA UTILIZANDO AÇO CA-60 DE 4,2 E 5 MM - MONTAGEM. | D28: KG | E28: 5.79 | F28: 17.92 | G28: =ROUND(F28*E28,2) -> 103.76
A29: 4.1.1.9 | B29: 96545 | C29: ARMAÇÃO DE BLOCO, VIGA BALDRAME OU SAPATA UTILIZANDO AÇO CA-50 DE 8 MM - MONTAGEM. | D29: KG | E29: 12.68 | F29: 15.58 | G29: =ROUND(F29*E29,2) -> 197.55
A30: 4.1.2 | B30: LAJE PISO | G30: =SUM(G31:G33) -> 9723.7
A31: 4.1.2.1 | B31: PIS-LON-005 | C31: APLICAÇÃO DE LONA PRETA, ESP. 150 MICRAS, INCLUSIVE FORNECIMENTO | D31: M2 | E31: =10.38*8.51 -> 88.3338 | F31: 2.56 | G31: =ROUND(F31*E31,2) -> 226.13
A32: 4.1.2.2 | B32: 97092 | C32: ARMAÇÃO PARA EXECUÇÃO DE RADIER, PISO DE CONCRETO OU LAJE SOBRE SOLO, COM USO DE TELA Q-196 | D32: KG | E32: =E31*3.11 -> 274.71812 | F32: 18.1 | G32: =ROUND(F32*E32,2) -> 4972.4
A33: 4.1.2.3 | B33: 97096 | C33: CONCRETAGEM DE RADIER, PISO DE CONCRETO OU LAJE SOBRE SOLO, FCK 30 MPA - LANÇAMENTO, ADENSAMENTO E ACABAMENTO (ESP. = 10 CM) | D33: M3 | E33: 9.57 | F33: 472.85 | G33: =ROUND(F33*E33,2) -> 4525.17
A34: 4.1.3 | B34: ESTRUTURA METÁLICA | G34: =SUM(G35:G36) -> 6260.58
A35: 4.1.3.1 | B35: COMP-ABRIGO-03 | C35: PILAR METÁLICO PERFIL UDC ("U" DOBRADO DE CHAPA) SIMPLES DE ACO LAMINADO, GALVANIZADO, ASTM A36, 127 X 50 MM, E= 3 MM - CHAPA DUPLA, INCLUSO 1 (UMA) DEMÃO DE ZARCÃO E 2 (DUAS) DEMÃOS DE PINTURA | D35: KG | E35: =10.2*10*2.85 -> 290.7 | F35: 11.18 | G35: =ROUND(F35*E35,2) -> 3250.03
A36: 4.1.3.2 | B36: COMP-ABRIGO-03 | C36: VIGA METÁLICA PERFIL UDC ("U" DOBRADO DE CHAPA) SIMPLES DE ACO LAMINADO, GALVANIZADO, ASTM A36, 127 X 50 MM, E= 3 MM - CHAPA DUPLA, INCLUSO 1 (UMA) DEMÃO DE ZARCÃO E 2 (DUAS) DEMÃOS DE PINTURA | D36: KG | E36: =(10.2*4*3.2)+(1.8*2+4.5+5.5)*10.2 -> 269.28 | F36: 11.18 | G36: =ROUND(F36*E36,2) -> 3010.55
A37: CUSTO TOTAL DO ITEM 4.1 | G37: =G20+G30+G34 -> 19536.76
A39: 4.2 | B39: COBERTURA
A40: 4.2.1 | B40: RETIRADA DE TELHAS | G40: =SUM(G41) -> 91.11
A41: 4.2.1.1 | B41: 97647 | C41: REMOÇÃO DE TELHAS, DE FIBROCIMENTO, METÁLICA E CERÂMICA, DE FORMA MANUAL, SEM REAPROVEITAMENTO | D41: M2 | E41: =7*4.75 -> 33.25 | F41: 2.74 | G41: =ROUND(F41*E41,2) -> 91.11
A42: 4.2.2 | B42: ESTRUTURA METÁLICA DO TELHADO | G42: =SUM(G43:G44) -> 4486.4
A43: 4.2.2.1 | B43: 92580 | C43: TRAMA DE AÇO COMPOSTA POR TERÇAS PARA TELHADOS DE ATÉ 2 ÁGUAS PARA TELHA METÁLICA, INCLUSO TRANSPORTE VERTICAL | D43: M2 | E43: =2.1*4.75+10.38*3.35 -> 44.748 | F43: 47.41 | G43: =ROUND(F43*E43,2) -> 2121.5
A44: 4.2.2.2 | B44: PIN-ESM-035 | C44: PINTURA ESMALTE EM ESTRUTURA METÁLICA, DUAS (2) DEMÃOS, INCLUSIVE UMA (1) DEMÃO FUNDO ANTICORROSIVO | D44: M2 | E44: =E46 -> 77.998 | F44: 30.32 | G44: =ROUND(F44*E44,2) -> 2364.9
A45: 4.2.3 | B45: TELHAMENTO EM TELHA METÁLICA | G45: =SUM(G46) -> 6451.21
A46: 4.2.3.1 | B46: COB-TEL-045 | C46: COBERTURA EM TELHA METÁLICA GALVANIZADA TRAPEZOIDAL, TIPO SIMPLES, ESP. 0,50MM, ACABAMENTO NATURAL, INCLUSIVE ACESSÓRIOS PARA FIXAÇÃO, FORNECIMENTO E INSTALAÇÃO | D46: M2 | E46: =E43+E41 -> 77.998 | F46: 82.71 | G46: =ROUND(F46*E46,2) -> 6451.21
A47: 4.2.4 | B47: INSTALAÇÃO DE CALHAS / CUMEEIRAS / DESCIDAS D'ÁGUA | G47: =SUM(G48:G50) -> 4176.8
A48: 4.2.4.1 | B48: COB-CUM-015 | C48: CUMEEIRA GALVANIZADA TRAPEZOIDAL E = 0,50 MM, SIMPLES | D48: M | E48: 8.98 | F48: 32.86 | G48: =ROUND(F48*E48,2) -> 295.08
A49: 4.2.4.2 | B49: 94228 | C49: CALHA EM CHAPA DE AÇO GALVANIZADO NÚMERO 24, DESENVOLVIMENTO DE 50 CM, INCLUSO TRANSPORTE VERTICAL. | D49: M | E49: =8.98*2+10.38 -> 28.34 | F49: 112.79 | G49: =ROUND(F49*E49,2) -> 3196.47
A50: 4.2.4.3 | B50: 91789 | C50: INSTALAÇÃO DE TUBOS DE PVC, SÉRIE R, ÁGUA PLUVIAL, DN 75 MM (INSTALADO EM RAMAL DE ENCAMINHAMENTO, OU CONDUTORES VERTICAIS), INCLUSIVE CONEXÕES, CORTE E FIXAÇÕES, PARA PRÉDIOS | D50: M | E50: 13.28 | F50: 51.6 | G50: =ROUND(F50*E50,2) -> 685.25
A51: CUSTO TOTAL DO ITEM 4.2 | G51: =G47+G45+G42+G40 -> 15205.52
A53: 4.3 | B53: ARQUITETURA
A54: 4.3.1 | B54: EXECUÇÃO DE ALVENARIA | G54: =SUM(G55) -> 3057.44
A55: 4.3.1.1 | B55: 103322 | C55: ALVENARIA DE VEDAÇÃO DE BLOCOS CERÂMICOS FURADOS NA VERTICAL DE 9X19X39 CM (ESPESSURA 9 CM) E ARGAMASSA DE ASSENTAMENTO COM PREPARO EM BETONEIRA | D55: M2 | E55: =(3.85*2+0.6+2.6+1.5+1.8+1.65)*1.1*2.9+5*0.6*2.7 -> 58.6615 | F55: 52.12 | G55: =ROUND(F55*E55,2) -> 3057.44
A56: 4.3.2 | B56: EXECUÇÃO DE REVESTIMENTO | G56: =SUM(G57:G59) -> 10196.24
A57: 4.3.2.1 | B57: 87879 | C57: CHAPISCO APLICADO EM ALVENARIAS E ESTRUTURAS DE CONCRETO INTERNAS | D57: M2 | E57: =E55*2 -> 117.323 | F57: 3.59 | G57: =ROUND(F57*E57,2) -> 421.19
A58: 4.3.2.2 | B58: 87794 | C58: EMBOÇO OU MASSA ÚNICA EM ARGAMASSA TRAÇO 1:2:8, PREPARO MANUAL, ESPESSURA DE 25 MM. | D58: M2 | E58: =E57 -> 117.323 | F58: 35.39 | G58: =ROUND(F58*E58,2) -> 4152.06
A59: 4.3.2.3 | B59: REV-AZU-011 | C59: REVESTIMENTO COM AZULEJO BRANCO (20X20CM), JUNTA A PRUMO, ASSENTAMENTO COM ARGAMASSA INDUSTRIALIZADA, INCLUSIVE REJUNTAMENTO | D59: M2 | E59: =(4.5+3.85*2+3+3.85*4+1.65*2)*2.85 -> 96.615 | F59: 58.2 | G59: =ROUND(F59*E59,2) -> 5622.99
A60: 4.3.3 | B60: PINTURA INTERNA PAREDES, BANCADA CONCRETO E PORTAS | G60: =SUM(G61:G64) -> 4546.54
A61: 4.3.3.1 | B61: 88485 | C61: APLICAÇÃO DE FUNDO SELADOR ACRÍLICO EM PAREDES, UMA DEMÃO | D61: M2 | E61: =(8.38*2+4*8+0.6*2+2.6*2+1.5+2+1.8*2)*3+(4.3+3)*0.6*7 -> 217.44 | F61: 2.72 | G61: =ROUND(F61*E61,2) -> 591.44
A62: 4.3.3.2 | B62: 88489 | C62: APLICAÇÃO MANUAL DE PINTURA COM TINTA LÁTEX ACRÍLICA EM PAREDES, DUAS DEMÃOS | D62: M2 | E62: =E61-E66 -> 152.55 | F62: 12.37 | G62: =ROUND(F62*E62,2) -> 1887.04
A63: 4.3.3.3 | B63: 100719 | C63: PINTURA COM TINTA ALQUÍDICA DE FUNDO (TIPO ZARCÃO) PULVERIZADA SOBRE PERFIL METÁLICO EXECUTADO EM FÁBRICA (POR DEMÃO) - (PILARES E PORTAS METÁLICAS) | D63: M2 | E63: =23.76+3*2.5+0.75*2.1*2*3 -> 40.71 | F63: 9.33 | G63: =ROUND(F63*E63,2) -> 379.82
A64: 4.3.3.4 | B64: 100761 | C64: PINTURA COM TINTA ALQUÍDICA DE ACABAMENTO (ESMALTE SINTÉTICO FOSCO) PULVERIZADA SOBRE SUPERFÍCIES METÁLICAS EXECUTADO EM OBRA (02 DEMÃOS) - (PILARES E PORTAS METÁLICAS) | D64: M2 | E64: =E63 -> 40.71 | F64: 41.47 | G64: =ROUND(F64*E64,2) -> 1688.24
A65: 4.3.4 | B65: PINTURA EXTERNA | G65: =SUM(G66) -> 932.47
A66: 4.3.4.1 | B66: 88423 | C66: APLICAÇÃO MANUAL DE PINTURA COM TINTA TEXTURIZADA ACRÍLICA EM PAREDES EXTERNAS. | D66: M2 | E66: =(8.38+8+0.6+3.15+1.5)*3 -> 64.89 | F66: 14.37 | G66: =ROUND(F66*E66,2) -> 932.47
A67: 4.3.5 | B67: PISO | G67: =SUM(G68:G70) -> 2786.19
A68: 4.3.5.1 | B68: 87251 | C68: REVESTIMENTO CERÂMICO PARA PISO COM PLACAS TIPO ESMALTADA EXTRA (ANTIDERRAPANTE) DE DIMENSÕES 45X45 CM | D68: M2 | E68: =16.8+6.35*2 -> 29.5 | F68: 47.11 | G68: =ROUND(F68*E68,2) -> 1389.75
A69: 4.3.5.2 | B69: 98680 | C69: PISO CIMENTADO, TRAÇO 1:3 (CIMENTO E AREIA), ACABAMENTO LISO, ESPESSURA 3,0 CM, PREPARO MECÂNICO DA ARGAMASSA. | D69: M2 | E69: 26.38 | F69: 39.01 | G69: =ROUND(F69*E69,2) -> 1029.08
A70: 4.3.5.3 | B70: ROD-ARD-005 | C70: RODAPÉ DE PEDRA ARDÓSIA H = 5 CM | D70: M | E70: =8.38+4*6+1.5+1+2+2.85+1.5 -> 41.23 | F70: 8.91 | G70: =ROUND(F70*E70,2) -> 367.36
A71: 4.3.6 | B71: ESQUADRIAS (INSTAÇÃO DE JANELAS, PORTAS METÁLICAS E ALAMBRADO) | G71: =SUM(G72:G75) -> 46929.08
A72: 4.3.6.1 | B72: SER-POR-050 | C72: PORTÃO DE FERRO PADRÃO, EM CHAPA (TIPO LAMBRI), COLOCADO COM CADEADO (P02) | D72: M2 | E72: =1.5*2.1*3 -> 9.45 | F72: 278.35 | G72: =ROUND(F72*E72,2) -> 2630.41
A73: 4.3.6.2 | B73: SEE-ALA-005 | C73: ALAMBRADO H = 3,20 M, TELA GALVANIZADA FIO 12, # 7,5 CM, TUBO FERRO 50 MM, PAREDE CHAPA 13, FIXADO EM FUNDAÇÃO DE CONCRETO FCK = 20 MPA, COM PROF. = 50 CM E PINTURA, INCLUSO VIGA BALDRAME (ARMAÇÃO E CONCRETO) | D73: M | E73: 50.65 | F73: 795.13 | G73: =ROUND(F73*E73,2) -> 40273.33
A74: 4.3.6.3 | B74: SER-CAI-006 | C74: FORNECIMENTO E ASSENTAMENTO DE CAIXILHO FIXO DE FERRO COM TELA CORRUGADA # 15 MM FIO 12 | D74: M2 | E74: 5.41 | F74: 241.72 | G74: =ROUND(F74*E74,2) -> 1307.71
A75: 4.3.6.4 | B75: SER-POR-076 | C75: PORTÃO EM TUBO GALVANIZADO 1 1/2" COM TELA FIO 12 # 1/2" E CADEADO (P1) | D75: M2 | E75: =3*2.5 -> 7.5 | F75: 362.35 | G75: =ROUND(F75*E75,2) -> 2717.63
A76: 4.3.7 | B76: BANCADA | G76: =SUM(G77:G78) -> 6227
A77: 4.3.7.1 | B77: BAN-ARD-005 | C77: BANCADA EM ARDÓSIA E = 3 CM, APOIADA EM ALVENARIA | D77: M2 | E77: =2.65*0.6 -> 1.59 | F77: 213.46 | G77: =ROUND(F77*E77,2) -> 339.4
A78: 4.3.7.2 | B78: SEE-EST-040 | C78: LAJE 8 CM MACIÇA DE CONCRETO 20MPA, COM ARMAÇÃO, FORMA RESINADA. ESCORAMENTO E DESFORMA (BANCADA DE CONCRETO) | D78: M2 | E78: 34.77 | F78: 169.33 | G78: =ROUND(F78*E78,2) -> 5887.6
A79: CUSTO TOTAL DO ITEM 4.3 | G79: =G76+G71+G67+G65+G60+G56+G54 -> 74674.96
A81: 4.4 | B81: PAISAGISMO
A82: 4.4.1 | B82: 98504 | C82: PLANTIO DE GRAMA EM PLACAS. | D82: M2 | E82: 83.77 | F82: 12.45 | G82: =ROUND(F82*E82,2) -> 1042.94
A83: 4.4.2 | B83: 98520 | C83: APLICAÇÃO DE ADUBO EM SOLO. | D83: M2 | E83: =E82 -> 83.77 | F83: 5.23 | G83: =ROUND(F83*E83,2) -> 438.12
A84: 4.4.3 | B84: 98510 | C84: PLANTIO DE ÁRVORE ORNAMENTAL COM ALTURA DE MUDA MENOR OU IGUAL A 2,00 M. | D84: UNID | E84: 6 | F84: 69.1 | G84: =ROUND(F84*E84,2) -> 414.6
A85: CUSTO TOTAL DO ITEM 4.4 | G85: =SUM(G82:G84) -> 1895.66
A87: 4.5 | B87: COMBATE A INCENDIO
A88: 4.5.1 | B88: INC-EXT-016 | C88: EXTINTOR DE INCÊNDIO TIPO PÓ QUÍMICO 20-A:20-B:C, CAPACIDADE 6 KG, INCLUSO SUPORTE E FIXAÇÃO | D88: UND | E88: 1 | F88: 165.32 | G88: =ROUND(F88*E88,2) -> 165.32
A89: 4.5.2 | B89: INC-PLA-040 | C89: PLACAS FOTOLUMINESCENTES DE SINALIZAÇÃO E ALERTA | D89: UND | E89: 5 | F89: 31.52 | G89: =ROUND(F89*E89,2) -> 157.6
A90: CUSTO TOTAL DO ITEM 4.5 | G90: =SUM(G88:G89) -> 322.92
A92: 4.6 | B92: INSTALAÇÕES HIDROSSANITÁRIAS
A93: 4.6.1 | B93: INSTALAÇÕES SANITÁRIAS, APARELHOS SANITÁRIOS E ACESSÓRIOS | G93: =SUM(G94:G120) -> 9000.33
A94: 4.6.1.1 | B94: 86942 | C94: LAVATÓRIO LOUÇA BRANCA SUSPENSO, 29,5 X 39CM OU EQUIVALENTE, INCLUSO SIFÃO TIPO GARRAFA EM PVC, VÁLVULA E ENGATE FLEXÍVEL 30CM EM PLÁSTICO E TORNEIRA CROMADA DE MESA - FORNECIMENTO E INSTALAÇÃO | D94: UND | E94: 1 | F94: 240.34 | G94: =ROUND(F94*E94,2) -> 240.34
A95: 4.6.1.2 | B95: 86913 | C95: TORNEIRA CROMADA 1/2 OU 3/4 PARA TANQUE - FORNECIMENTO E INSTALAÇÃO. | D95: UND | E95: 2 | F95: 45.41 | G95: =ROUND(F95*E95,2) -> 90.82
A96: 4.6.1.3 | B96: COMP-ABRIGO-01 | C96: LAVA OLHOS DE EMERGÊNCIA C/ CUBA FLEXÍVEL E CHUVEIRO P/ LABORATÓRIO - FORNECIMENTO E INSTALAÇÃO | D96: UND | E96: 1 | F96: 1364.52 | G96: =ROUND(F96*E96,2) -> 1364.52
A97: 4.6.1.4 | B97: 89712 | C97: TUBO PVC, SERIE NORMAL, ESGOTO PREDIAL, DN 50 MM, FORNECIDO E INSTALADO EM RAMAL DE DESCARGA OU RAMAL DE ESGOTO SANITÁRIO. | D97: M | E97: 19.3 | F97: 28.98 | G97: =ROUND(F97*E97,2) -> 559.31
A98: 4.6.1.5 | B98: 89711 | C98: TUBO PVC, SERIE NORMAL, ESGOTO PREDIAL, DN 40 MM, FORNECIDO E INSTALADO EM RAMAL DE DESCARGA OU RAMAL DE ESGOTO SANITÁRIO. | D98: M | E98: 37.22 | F98: 19.23 | G98: =ROUND(F98*E98,2) -> 715.74
A99: 4.6.1.6 | B99: HID-CXS-110 | C99: CAIXA DE CONTENÇÃO EM ALVENARIA (80X80X100CM), REVESTIMENTO EM ARGAMASSA COM ADITIVO IMPERMEABILIZANTE, COM TAMPA DE CONCRETO, INCLUSIVE ESCAVAÇÃO, REATERRO E TRANSPORTE E RETIRADA DO MATERIAL ESCAVADO | D99: UND | E99: 1 | F99: 709.25 | G99: =ROUND(F99*E99,2) -> 709.25
A100: 4.6.1.7 | B100: HID-RAL-011 | C100: RALO SIFONADO PVC CILINDRÍCO 100 X 70 X 40 MM COM GRELHA REDONDA | D100: UND | E100: 3 | F100: 22.78 | G100: =ROUND(F100*E100,2) -> 68.34
A101: 4.6.1.8 | B101: HID-MIT-005 | C101: MITRA PVC RÍGIDO (TERMINAL DE VENTILAÇÃO TIPO) 75 MM | D101: UND | E101: 2 | F101: 7.09 | G101: =ROUND(F101*E101,2) -> 14.18
A102: 4.6.1.9 | B102: 89707 | C102: CAIXA SIFONADA, PVC, DN 100 X 100 X 50 MM, JUNTA ELÁSTICA, FORNECIDA E INSTALADA | D102: UND | E102: 1 | F102: 38.03 | G102: =ROUND(F102*E102,2) -> 38.03
A103: 4.6.1.10 | B103: 103001 | C103: GRELHA DE FERRO FUNDIDO SIMPLES COM REQUADRO, 150 X 1000 MM, ASSENTADA COM ARGAMASSA 1 : 3 CIMENTO: AREIA - FORNECIMENTO E INSTALAÇÃO | D103: UND | E103: 4 | F103: 168.37 | G103: =ROUND(F103*E103,2) -> 673.48
A104: 4.6.1.11 | B104: HID-CXS-085 | C104: CAIXA DE ESGOTO DE INSPEÇÃO/PASSAGEM EM ALVENARIA (70X70X80CM), REVESTIMENTO EM ARGAMASSA COM ADITIVO IMPERMEABILIZANTE, COM TAMPA DE CONCRETO, INCLUSIVE ESCAVAÇÃO, REATERRO E TRANSPORTE E RETIRADA DO MATERIAL ESCAVADO | D104: UND | E104: 1 | F104: 519.3 | G104: =ROUND(F104*E104,2) -> 519.3
A105: 4.6.1.12 | B105: HID-CXS-020 | C105: CAIXA DE REGISTRO EM ALVENARIA (40X40X40CM), REVESTIMENTO EM ARGAMASSA COM ADITIVO IMPERMEABILIZANTE, COM TAMPA DE CONCRETO, INCLUSIVE ESCAVAÇÃO, REATERRO E TRANSPORTE E RETIRADA DO MATERIAL ESCAVADO | D105: UND | E105: 1 | F105: 173.74 | G105: =ROUND(F105*E105,2) -> 173.74
A106: 4.6.1.13 | B106: ACE-SAB-025 | C106: SABONETEIRA PLASTICA TIPO DISPENSER PARA SABONETE LIQUIDO COM RESERVATORIO 800 ML | D106: UND | E106: 1 | F106: 54.59 | G106: =ROUND(F106*E106,2) -> 54.59
A107: 4.6.1.14 | B107: ACE-PAP-025 | C107: PAPELEIRA PLASTICA TIPO DISPENSER PARA PAPEL TOALHA | D107: UND | E107: 1 | F107: 56.49 | G107: =ROUND(F107*E107,2) -> 56.49
A108: 4.6.1.15 | B108: 89784 | C108: TE, PVC, SERIE NORMAL, DN 50 X 50 MM, JUNTA ELÁSTICA, FORNECIDO E INSTALADO | D108: UND | E108: 3 | F108: 19.95 | G108: =ROUND(F108*E108,2) -> 59.85
...

Sheet Analítica (não desonerado)
A1: OBRA | F1: BANCO | H1: BDI
A2: UNIVERSIDADE FEDERAL DOS VALES DO JEQUITINHONHA E MUCURI CAMPUS PRESIDENTE JUSCELINO KUBITSCHEK - DIAMANTINA - MG REFORMA E AMPLIAÇÃO DO ABRIGO DE RESÍDUOS DE SERVIÇOS DE SAÚDE (RSS) PLANILHA ORÇAMENTÁRIA ANALÍTICA DE REFERÊNCIA - NÃO DESONERADA | F2: SINAPI - 02/2022 - Minas Gerais SETOP - 01/2022 - Minas Gerais | H2: 25.11%
A4: 1 | D4: MOBILIZAÇÃO E DESMOBILIZAÇÃO DE OBRA
A5: 1.1 | B5: Código | C5: Banco | D5: Descrição | E5: Und | F5: Quant. | G5: Valor Unit | H5: Total
A6: Composição | B6: MOB-DES-020 | C6: SETOP | D6: OBRAS COM VALOR ATÉ 1.000.000,00 | E6: % | F6: 0.5 | G6: 0 | H6: 0
A9: 2 | D9: ADMINISTRAÇÃO LOCAL
A10: 2.1 | B10: Código | C10: Banco | D10: Descrição | E10: Und | F10: Quant. | G10: Valor Unit | H10: Total
A11: Composição | B11: 93572 | C11: SINAPI | D11: ENCARREGADO GERAL DE OBRAS COM ENCARGOS COMPLEMENTARES | E11: MES | F11: 1 | G11: 6238.91 | H11: 6238.91 | I11: =SUM(I12:I17) -> 6238.91
A12: Composição Auxiliar | B12: 95422 | C12: SINAPI | D12: CURSO DE CAPACITAÇÃO PARA ENCARREGADO GERAL DE OBRAS (ENCARGOS COMPLEMENTARES) - MENSALISTA | E12: MES | F12: 1 | G12: 75.68 | H12: 75.68 | I12: =F12*G12 -> 75.68
A13: Insumo | B13: 00040818 | C13: SINAPI | D13: ENCARREGADO GERAL DE OBRAS (MENSALISTA) | E13: MES | F13: 1 | G13: 5777.56 | H13: 5777.56 | I13: =F13*G13 -> 5777.56
A14: Insumo | B14: 00043499 | C14: SINAPI | D14: EPI - FAMILIA ENCARREGADO GERAL - MENSALISTA (ENCARGOS COMPLEMENTARES - COLETADO CAIXA) | E14: MES | F14: 1 | G14: 202.94 | H14: 202.94 | I14: =F14*G14 -> 202.94
A15: Insumo | B15: 00040863 | C15: SINAPI | D15: EXAMES - MENSALISTA (COLETADO CAIXA) | E15: MES | F15: 1 | G15: 152.35 | H15: 152.35 | I15: =F15*G15 -> 152.35
A16: Insumo | B16: 00043475 | C16: SINAPI | D16: FERRAMENTAS - FAMILIA ENCARREGADO GERAL - MENSALISTA (ENCARGOS COMPLEMENTARES - COLETADO CAIXA) | E16: MES | F16: 1 | G16: 18.58 | H16: 18.58 | I16: =F16*G16 -> 18.58
A17: Insumo | B17: 00040864 | C17: SINAPI | D17: SEGURO - MENSALISTA (COLETADO CAIXA) | E17: MES | F17: 1 | G17: 11.8 | H17: 11.8 | I17: =F17*G17 -> 11.8
A20: 3 | D20: CANTEIRO DE OBRAS
A21: 3.1 | B21: Código | C21: Banco | D21: Descrição | E21: Und | F21: Quant. | G21: Valor Unit | H21: Total
A22: Composição | B22: ED-16660 | C22: SETOP | D22: FORNECIMENTO E COLOCAÇÃO DE PLACA DE OBRA EM CHAPA GALVANIZADA #26, ESP. 0,45 MM, PLOTADA COM ADESIVO VINÍLICO, AFIXADA COM REBITES 4,8X40 MM, EM ESTRUTURA METÁLICA DE METALON 20X20 MM, ESP. 1,25 MM, INCLUSIVE SUPORTE EM EUCALIPTO AUTOCLAVADO PINTADO COM TINTA PVA DUAS (2) DEMÃOS | E22: m² | F22: 1 | G22: 204,75 | H22: 204,75 | I22: =SUM(I23:I24) -> 204.75
A23: Insumo | B23: ED-16671 | C23: SETOP | D23: FIXAÇÃO DE PLACA DE OBRA EM SUPORTE DE EUCALIPTO AUTOCLAVADO , INCLUSIVE PINTURA LÁTEX (PVA) EM SUPERFÍCIE DE MADEIRA, EM DUAS (2) DEMÃOS E ESCAVAÇÃO (MONTAGEM) | E23: m² | F23: 1 | G23: 173,78 | H23: 173.78 | I23: =F23*G23 -> 173.78
A24: Insumo | B24: ED-16670 | C24: SETOP | D24: PLACA DE OBRA EM CHAPA GALVANIZADA ENRIJECIDA , PLOTADA COM ADESIVO VINÍLICO, FIXADA COM REBITES 4,8X40MM, EM ESTRUTURA METÁLICA DE METALON 20X20MM, ESP. 1 ,25MM, EXCLUSIVE SUPORTE EM EUCALIPTO - PADRÃO GOVERNO DE MINAS GERAIS ( FABRICAÇÃO) | E24: m² | F24: 1 | G24: 30,97 | H24: 30.97 | I24: =F24*G24 -> 30.97
A27: 3.2 | B27: Código | C27: Banco | D27: Descrição | E27: Und | F27: Quant. | G27: Valor Unit | H27: Total | J27: 3.2 | K27: Código | L27: Banco | M27: Descrição | N27: Und | O27: Quant. | P27: Valor Unit | Q27: Total
A28: Composição | B28: IIO-TAP-026 | C28: SETOP | D28: TAPUME COM TELA DE POLIETILENO | E28: M | F28: 1 | G28: 15 | H28: 15 | I28: =SUM(I29:I34) -> 15.03386 | J28: Composição | K28: IIO-TAP-026 | L28: SETOP | M28: TAPUME COM TELA DE POLIETILENO | N28: M | O28: 1 | P28: 15,00 | Q28: 15,00 | R28: =SUM(R29:R34) -> 18.577
A29: Composição Auxiliar | B29: MAO-AJD-010 | C29: SETOP | D29: AJUDANTE DE CARPINTEIRO COM ENCARGOS COMPLEMENTARES | E29: hora | F29: 0.04 | G29: 19.03 | H29: 0.76 | I29: =F29*G29 -> 0.7612 | J29: Composição Auxiliar | K29: MAO-AJD-010 | L29: SETOP | M29: AJUDANTE DE CARPINTEIRO COM ENCARGOS COMPLEMENTARES | N29: HORA | O29: 0.04 | P29: 19,03 | Q29: 0.76 | R29: =O29*P29 -> 0.7612
A30: Composição Auxiliar | B30: AUX-CON-005 | C30: SETOP | D30: CONCRETO MAGRO, TRAÇO 1:4:8, PREPARADO EM OBRA COM BETONEIRA, SEM FUNÇÃO ESTRUTURAL | E30: m³ | F30: 0.004 | G30: 325.92 | H30: 1.3 | I30: =F30*G30 -> 1.30368 | J30: Composição Auxiliar | K30: AUX-CON-005 | L30: SETOP | M30: CONCRETO MAGRO, TRAÇO 1:4:8, PREPARADO EM OBRA COM BETONEIRA, SEM FUNÇÃO ESTRUTURAL | N30: m³ | O30: 0.004 | P30: 325,92 | Q30: 1.3 | R30: =O30*P30 -> 1.30368
A31: Insumo | B31: MATED- 11331 | C31: SETOP | D31: PREGO 17X27 COM CABEÇA (COMPRIMENTO: 62,1 MM|DIÂMETRO: 3,0 MM| QUANTIDADE POR QUILO: 290) | E31: Kg | F31: 0.024 | G31: 11.22 | H31: 0.26 | I31: =F31*G31 -> 0.26928 | J31: Insumo | K31: MATED- 11344 | L31: SETOP | M31: PONTALETE 3A. CONSTRUÇÃO (SEÇÃO TRANSVERSAL: 3"X3" [7,5X7 ,5CM]|TIPO DE MADEIRA: CEDRO OU EQUIVALENTE DA REGIÃO) | N31: m | O31: 1.25 | P31: 11.22 | Q31: 0.26 | R31: =O31*P31 -> 14.025
A32: Insumo | B32: MATED- 11344 | C32: SETOP | D32: PONTALETE 3A. CONSTRUÇÃO (SEÇÃO TRANSVERSAL: 3"X3" [7,5X7 ,5CM]|TIPO DE MADEIRA: CEDRO OU EQUIVALENTE DA REGIÃO) | E32: m | F32: 1.25 | G32: 8.33 | H32: 10.41 | I32: =F32*G32 -> 10.4125 | J32: Insumo | K32: MATED- 11331 | L32: SETOP | M32: PREGO 17X27 COM CABEÇA (COMPRIMENTO: 62,1 MM|DIÂMETRO: 3,0 MM| QUANTIDADE POR QUILO: 290) | N32: Kg | O32: 0.024 | P32: 8.33 | Q32: 10.41 | R32: =O32*P32 -> 0.19992
A33: Insumo | B33: MATED- 11459 | C33: SETOP | D33: Tela de polietileno para proteção tapume (largura: 1, 20 m) | E33: m | F33: 1.05 | G33: 1.56 | H33: 1.63 | I33: =F33*G33 -> 1.638 | J33: Insumo | K33: MATED- 11459 | L33: SETOP | M33: Tela de polietileno para proteção tapume (largura: 1, 20 m) | N33: m | O33: 1.05 | P33: 1,56 | Q33: 1.63 | R33: =O33*P33 -> 1.638
A34: Insumo | B34: ED-48610 | C34: SETOP | D34: FORMA PARA BERÇO EM TABUA, INCLUSIVE DESFORMA | E34: m² | F34: 0.02 | G34: 32.46 | H34: 0.64 | I34: =F34*G34 -> 0.6492 | J34: Insumo | K34: ED-48610 | L34: SETOP | M34: FORMA PARA BERÇO EM TABUA, INCLUSIVE DESFORMA | N34: m² | O34: 0.02 | P34: 32,46 | Q34: 0.64 | R34: =O34*P34 -> 0.6492
A37: 3.3 | B37: Código | C37: Banco | D37: Descrição | E37: Und | F37: Quant. | G37: Valor Unit | H37: Total
A38: Composição | B38: LOC-OBR-005 | C38: SETOP | D38: LOCAÇÃO DA OBRA (GABARITO) | E38: m² | F38: 1 | G38: 8.38 | H38: 8.38 | I38: =SUM(I39:I44) -> 8.4153 | J38: Composição | K38: LOC-OBR-005 | L38: SETOP | M38: LOCAÇÃO DA OBRA (GABARITO) | N38: m² | O38: 1 | P38: 8,38 | Q38: 8,38 | R38: =SUM(R39:R44) -> 7.6359
A39: Composição Auxiliar | B39: MAO-OFC-020 | C39: SETOP | D39: CARPINTEIRO DE FORMA COM ENCARGOS COMPLEMENTARES | E39: hora | F39: 0.07 | G39: 22.84 | H39: 1.59 | I39: =F39*G39 -> 1.5988 | J39: Composição Auxiliar | K39: MAO-OFC-020 | L39: SETOP | M39: CARPINTEIRO DE FORMA COM ENCARGOS COMPLEMENTARES | N39: HORA | O39: 0.07 | P39: 22,84 | Q39: 1,59 | R39: =O39*P39 -> 1.5988
A40: Composição Auxiliar | B40: MAO-AJD-040 | C40: SETOP | D40: SERVENTE COM ENCARGOS COMPLEMENTARES | E40: hora | F40: 0.07 | G40: 16.81 | H40: 1.17 | I40: =F40*G40 -> 1.1767 | J40: Composição Auxiliar | K40: MAO-AJD-040 | L40: SETOP | M40: SERVENTE COM ENCARGOS COMPLEMENTARES | N40: HORA | O40: 0.07 | P40: 16,81 | Q40: 1,17 | R40: =O40*P40 -> 1.1767
A41: Insumo | B41: MATED- 11332 | C41: SETOP | D41: PREGO 18X30 COM CABEÇA (COMPRIMENTO: 69,0 MM|DIÂMETRO: 3,4 MM| QUANTIDADE POR QUILO: 203) | E41: Kg | F41: 0.02 | G41: 11.28 | H41: 0.22 | I41: =F41*G41 -> 0.2256 | J41: Insumo | K41: MATED- 12852 | L41: SETOP | M41: ARAME GALVANIZADO ( BITOLA: 16BWG|DIÂMETRO DO FIO: 1,65MM|MASSA LINEAR: 0,0166KG/M) | N41: Kg | O41: 0.02 | P41: 11,28 | Q41: 0,22 | R41: =O41*P41 -> 0.2256
A42: Insumo | B42: MATED- 11344 | C42: SETOP | D42: PONTALETE 3A. CONSTRUÇÃO (SEÇÃO TRANSVERSAL: 3"X3" [7,5X7 ,5CM]|TIPO DE MADEIRA: CEDRO OU EQUIVALENTE DA REGIÃO) | E42: m | F42: 0.3 | G42: 8.33 | H42: 2.49 | I42: =F42*G42 -> 2.499 | J42: Insumo | K42: MATED- 11344 | L42: SETOP | M42: PONTALETE 3A. CONSTRUÇÃO (SEÇÃO TRANSVERSAL: 3"X3" [7,5X7 ,5CM]|TIPO DE MADEIRA: CEDRO OU EQUIVALENTE DA REGIÃO) | N42: m | O42: 0.3 | P42: 8,33 | Q42: 2,49 | R42: =O42*P42 -> 2.499
A43: Insumo | B43: MATED- 11352 | C43: SETOP | D43: TÁBUA 3A. CONSTRUÇÃO ( SEÇÃO TRANSVERSAL: 1X9"|ESPESSURA: 25MM| LARGURA: 225MM|TIPO DE MADEIRA: CEDRINHO) | E43: m² | F43: 0.08 | G43: 31.75 | H43: 2.54 | I43: =F43*G43 -> 2.54 | J43: Insumo | K43: MATED- 11332 | L43: SETOP | M43: PREGO 18X30 COM CABEÇA (COMPRIMENTO: 69,0 MM|DIÂMETRO: 3,4 MM| QUANTIDADE POR QUILO: 203) | N43: Kg | O43: 0.02 | P43: 31,75 | Q43: 2,54 | R43: =O43*P43 -> 0.635
A44: Insumo | B44: MATED- 12852 | C44: SETOP | D44: ARAME GALVANIZADO ( BITOLA: 16BWG|DIÂMETRO DO FIO: 1,65MM|MASSA LINEAR: 0,0166KG/M) | E44: Kg | F44: 0.02 | G44: 18.76 | H44: 0.37 | I44: =F44*G44 -> 0.3752 | J44: Insumo | K44: MATED- 11352 | L44: SETOP | M44: TÁBUA 3A. CONSTRUÇÃO ( SEÇÃO TRANSVERSAL: 1X9"|ESPESSURA: 25MM| LARGURA: 225MM|TIPO DE MADEIRA: CEDRINHO) | N44: m² | O44: 0.08 | P44: 18,76 | Q44: 0,37 | R44: =O44*P44 -> 1.5008
A47: 4 | D47: ABRIGO EXTERNO DE RESÍDUOS
A48: 4.1 | D48: INFRAESTRUTURA
A49: 4.1.1 | D49: BLOCOS E VIGAS BALDRAMES
A50: 4.1.1.1 | B50: Código | C50: Banco | D50: Descrição | E50: Und | F50: Quant. | G50: Valor Unit | H50: Total
A51: Composição | B51: 97629 | C51: SINAPI | D51: DEMOLIÇÃO DE PISO, DE FORMA MECANIZADA COM MARTELETE, SEM REAPROVEITAMENTO | E51: m³ | F51: 1 | G51: 103.42 | H51: 103.42 | I51: =SUM(I52:I55) -> 103.44853
A52: Composição Auxiliar | B52: 5795 | C52: SINAPI | D52: MARTELETE OU ROMPEDOR PNEUMÁTICO MANUAL, 28 KG, COM SILENCIADOR - CHP DIURNO. AF_07/2016 | E52: CHP | F52: 1.5562 | G52: 22.06 | H52: 34.32 | I52: =F52*G52 -> 34.329772
A53: Composição Auxiliar | B53: 5952 | C53: SINAPI | D53: MARTELETE OU ROMPEDOR PNEUMÁTICO MANUAL, 28 KG, COM SILENCIADOR - CHI DIURNO. AF_07/2016 | E53: CHI | F53: 0.4411 | G53: 20.56 | H53: 9.06 | I53: =F53*G53 -> 9.069016
A54: Composição Auxiliar | B54: 88316 | C54: SINAPI | D54: SERVENTE COM ENCARGOS COMPLEMENTARES | E54: H | F54: 3.153 | G54: 16.81 | H54: 53 | I54: =F54*G54 -> 53.00193
A55: Composição Auxiliar | B55: 88309 | C55: SINAPI | D55: PEDREIRO COM ENCARGOS COMPLEMENTARES | E55: H | F55: 0.3051 | G55: 23.1 | H55: 7.04 | I55: =F55*G55 -> 7.04781
A58: 4.1.1.2 | B58: Código | C58: Banco | D58: Descrição | E58: Und | F58: Quant. | G58: Valor Unit | H58: Total
A59: Composição | B59: 93358 | C59: SINAPI | D59: ESCAVAÇÃO MANUAL DE VALAS (BLOCOS E VIGAS BALDRAMES) | E59: m³ | F59: 1 | G59: 66.5 | H59: 66.5 | I59: =SUM(I60) -> 66.50036
A60: Composição Auxiliar | B60: 88316 | C60: SINAPI | D60: SERVENTE COM ENCARGOS COMPLEMENTARES | E60: H | F60: 3.956 | G60: 16.81 | H60: 66.5 | I60: =F60*G60 -> 66.50036
A63: 4.1.1.3 | B63: Código | C63: Banco | D63: Descrição | E63: Und | F63: Quant. | G63: Valor Unit | H63: Total
A64: Composição | B64: 93382 | C64: SINAPI | D64: REATERRO MANUAL DE VALAS COM COMPACTAÇÃO MECANIZADA. | E64: m³ | F64: 1 | G64: 27.29 | H64: 27.29 | I64: =SUM(I65:I68) -> 27.30546
A65: Composição Auxiliar | B65: 91534 | C65: SINAPI | D65: COMPACTADOR DE SOLOS DE PERCUSSÃO (SOQUETE) COM MOTOR A GASOLINA 4 TEMPOS, POTÊNCIA 4 CV - CHI DIURNO. AF_08/2015 | E65: CHI | F65: 0.254 | G65: 23.25 | H65: 5.9 | I65: =F65*G65 -> 5.9055
A66: Composição Auxiliar | B66: 91533 | C66: SINAPI | D66: COMPACTADOR DE SOLOS DE PERCUSSÃO (SOQUETE) COM MOTOR A GASOLINA 4 TEMPOS, POTÊNCIA 4 CV - CHP DIURNO. AF_08/2015 | E66: CHP | F66: 0.274 | G66: 31.29 | H66: 8.57 | I66: =F66*G66 -> 8.57346
A67: Composição Auxiliar | B67: 95606 | C67: SINAPI | D67: UMIDIFICAÇÃO DE MATERIAL PARA VALAS COM CAMINHÃO PIPA 10000L. AF_11/2016 | E67: m³ | F67: 1 | G67: 1.9 | H67: 1.9 | I67: =F67*G67 -> 1.9
A68: Composição Auxiliar | B68: 88316 | C68: SINAPI | D68: SERVENTE COM ENCARGOS COMPLEMENTARES | E68: H | F68: 0.65 | G68: 16.81 | H68: 10.92 | I68: =F68*G68 -> 10.9265
A71: 4.1.1.4 | B71: Código | C71: Banco | D71: Descrição | E71: Und | F71: Quant. | G71: Valor Unit | H71: Total
A72: Composição | B72: TER-REG-010 | C72: SETOP | D72: REGULARIZAÇÃO E COMPACTAÇÃO DE TERRENO COM PLACA VIBRATÓRIA (VIGAS BALDRAMES, SAPATAS E PISO) | E72: m² | F72: 1 | G72: 4,12 | H72: 4,12 | I72: =SUM(I73:I76) -> 4.131
A73: Composição Auxiliar | B73: MAO-OFC-075 | C73: SETOP | D73: PEDREIRO COM ENCARGOS COMPLEMENTARES | E73: HORA | F73: 0.026 | G73: 23,10 | H73: 0,60 | I73: =F73*G73 -> 0.6006
A74: Composição Auxiliar | B74: MAO-AJD-040 | C74: SETOP | D74: SERVENTE COM ENCARGOS COMPLEMENTARES | E74: HORA | F74: 0.12 | G74: 16,81 | H74: 2,01 | I74: =F74*G74 -> 2.0172
A75: Insumo | B75: MATED- 11198 | C75: SETOP | D75: COMPACTADOR DE SOLOS COM PLACA VIBRATORIA, DE 135 A 156 KG, COM MOTOR A DIESEL OU GASOLINA DE 4 A 6 HP, NAO REVERSIVEL ( LOCACAO) | E75: U | F75: 0.12 | G75: 12,61 | H75: 1,51 | I75: =F75*G75 -> 1.5132
A78: 4.1.1.5 | B78: Código | C78: Banco | D78: Descrição | E78: Und | F78: Quant. | G78: Valor Unit | H78: Total
A79: Composição | B79: 96557 | C79: SINAPI | D79: CONCRETAGEM DE BLOCOS DE COROAMENTO E VIGAS BALDRAMES, FCK 30 MPA, COM USO DE BOMBA  LANÇAMENTO, ADENSAMENTO E ACABAMENTO. | E79: m³ | F79: 1 | G79: 512,80 | H79: 512,80 | I79: =SUM(I80:I84) -> 512.81688
A80: Composição Auxiliar | B80: 90586 | C80: SINAPI | D80: VIBRADOR DE IMERSÃO, DIÂMETRO DE PONTEIRA 45MM, MOTOR ELÉTRICO TRIFÁSICO POTÊNCIA DE 2 CV - CHP DIURNO. AF_06/2015 | E80: CHP | F80: 0.088 | G80: 1,29 | H80: 0,11 | I80: =F80*G80 -> 0.11352
A81: Composição Auxiliar | B81: 90587 | C81: SINAPI | D81: VIBRADOR DE IMERSÃO, DIÂMETRO DE PONTEIRA 45MM, MOTOR ELÉTRICO TRIFÁSICO POTÊNCIA DE 2 CV - CHI DIURNO. AF_06/2015 | E81: CHI | F81: 0.093 | G81: 0,44 | H81: 0,04 | I81: =F81*G81 -> 0.04092
A82: Composição Auxiliar | B82: 88316 | C82: SINAPI | D82: SERVENTE COM ENCARGOS COMPLEMENTARES | E82: H | F82: 0.544 | G82: 16,81 | H82: 9,14 | I82: =F82*G82 -> 9.14464
A83: Composição Auxiliar | B83: 88309 | C83: SINAPI | D83: PEDREIRO COM ENCARGOS COMPLEMENTARES | E83: H | F83: 0.363 | G83: 23,10 | H83: 8,38 | I83: =F83*G83 -> 8.3853
A84: Insumo | B84: 00001525 | C84: SINAPI | D84: CONCRETO USINADO BOMBEAVEL, CLASSE DE RESISTENCIA C30, COM BRITA 0 E 1, SLUMP = 100 +/- 20 MM, INCLUI SERVICO DE BOMBEAMENTO (NBR 8953) | E84: m³ | F84: 1.15 | G84: 430,55 | H84: 495,13 | I84: =F84*G84 -> 495.1325
A87: 4.1.1.6 | B87: Código | C87: Banco | D87: Descrição | E87: Und | F87: Quant. | G87: Valor Unit | H87: Total
A88: Composição | B88: EST-FOR-005 | C88: SETOP | D88: FORMA E DESFORMA DE TÁBUA E SARRAFO, REAPROVEITAMENTO (3X) - (VIGAS BALDRAMES E PISO) | E88: m² | F88: 1 | G88: 52.57 | H88: 52.57 | I88: =SUM(I89:I91) -> 52.58384 | J88: Composição | K88: EST-FOR-005 | L88: SETOP | M88: FORMA E DESFORMA DE TÁBUA E SARRAFO, REAPROVEITAMENTO (3X) - (BLOCOS, VIGAS BALDRAMES E PISO) | N88: m² | O88: 1 | P88: 52,57 | Q88: 52,57 | R88: =SUM(R89:R93) -> 58.12752
A89: Insumo | B89: ED-8459 | C89: SETOP | D89: FORMA E DESFORMA PARA PILAR DE MADEIRA COM TÁBUA E SARRAFO, REAPROVEITAMENTO (3X), EXCLUSIVE ESCORAMENTO | E89: m² | F89: 0.128 | G89: 65.18 | H89: 8.34 | I89: =F89*G89 -> 8.34304 | J89: Insumo | K89: ED-8461 | L89: SETOP | M89: FORMA E DESFORMA PARA LAJE DE MADEIRA COM TÁBUA E SARRAFO, REAPROVEITAMENTO (3X), EXCLUSIVE ESCORAMENTO | N89: m² | O89: 0.536 | P89: 65,18 | Q89: 8,34 | R89: =O89*P89 -> 34.93648
A90: Insumo | B90: ED-8460 | C90: SETOP | D90: FORMA E DESFORMA PARA VIGA DE MADEIRA COM TÁBUA E SARRAFO, REAPROVEITAMENTO (3X), EXCLUSIVE ESCORAMENTO | E90: m² | F90: 0.336 | G90: 54.97 | H90: 18.46 | I90: =F90*G90 -> 18.46992 | J90: Insumo | K90: ED-8459 | L90: SETOP | M90: FORMA E DESFORMA PARA PILAR DE MADEIRA COM TÁBUA E SARRAFO, REAPROVEITAMENTO (3X), EXCLUSIVE ESCORAMENTO | N90: m² | O90: 0.128 | P90: 54,97 | Q90: 18,46 | R90: =O90*P90 -> 7.03616
A91: Insumo | B91: ED-8461 | C91: SETOP | D91: FORMA E DESFORMA PARA LAJE DE MADEIRA COM TÁBUA E SARRAFO, REAPROVEITAMENTO (3X), EXCLUSIVE ESCORAMENTO | E91: m² | F91: 0.536 | G91: 48.08 | H91: 25.77 | I91: =F91*G91 -> 25.77088 | J91: Insumo | K91: ED-8460 | L91: SETOP | M91: FORMA E DESFORMA PARA VIGA DE MADEIRA COM TÁBUA E SARRAFO, REAPROVEITAMENTO (3X), EXCLUSIVE ESCORAMENTO | N91: m² | O91: 0.336 | P91: 48,08 | Q91: 25,77 | R91: =O91*P91 -> 16.15488
A94: 4.1.1.7 | B94: Código | C94: Banco | D94: Descrição | E94: Und | F94: Quant. | G94: Valor Unit | H94: Total
A95: Composição | B95: 98557 | C95: SINAPI | D95: IMPERMEABILIZAÇÃO DE SUPERFÍCIE COM EMULSÃO ASFÁLTICA, 2 DEMÃOS | E95: m² | F95: 1 | G95: 36.22 | H95: 36.22 | I95: =SUM(I96:I99) -> 36.2374
A96: Composição Auxiliar | B96: 88243 | C96: SINAPI | D96: AJUDANTE ESPECIALIZADO COM ENCARGOS COMPLEMENTARES | E96: H | F96: 0.085 | G96: 18.52 | H96: 1.57 | I96: =F96*G96 -> 1.5742
A97: Composição Auxiliar | B97: 88270 | C97: SINAPI | D97: IMPERMEABILIZADOR COM ENCARGOS COMPLEMENTARES | E97: H | F97: 0.422 | G97: 23.1 | H97: 9.74 | I97: =F97*G97 -> 9.7482
A98: Insumo | B98: 00000626 | C98: SINAPI | D98: MANTA LIQUIDA DE BASE ASFALTICA MODIFICADA COM A ADICAO DE ELASTOMEROS DILUIDOS EM SOLVENTE ORGANICO, APLICACAO A FRIO (MEMBRANA IMPERMEABILIZANTE ASFASTICA) | E98: KG | F98: 1.5 | G98: 16.61 | H98: 24.91 | I98: =F98*G98 -> 24.915
A101: 4.1.1.8 | B101: Código | C101: Banco | D101: Descrição | E101: Und | F101: Quant. | G101: Valor Unit | H101: Total
A102: Composição | B102: 96543 | C102: SINAPI | D102: ARMAÇÃO DE BLOCO, VIGA BALDRAME E SAPATA UTILIZANDO AÇO CA-60 DE 4,2 E 5 MM - MONTAGEM. | E102: KG | F102: 1 | G102: 17.92 | H102: 17.92 | I102: =SUM(I103:I107) -> 17.935165
A103: Composição Auxiliar | B103: 92791 | C103: SINAPI | D103: CORTE E DOBRA DE AÇO CA-60, DIÂMETRO DE 5,0 MM, UTILIZADO EM ESTRUTURAS DIVERSAS, EXCETO LAJES. AF_12/2015 | E103: KG | F103: 1 | G103: 11.34 | H103: 11.34 | I103: =F103*G103 -> 11.34
A104: Composição Auxiliar | B104: 88238 | C104: SINAPI | D104: AJUDANTE DE ARMADOR COM ENCARGOS COMPLEMENTARES | E104: H | F104: 0.0635 | G104: 17.06 | H104: 1.08 | I104: =F104*G104 -> 1.08331
A105: Composição Auxiliar | B105: 88245 | C105: SINAPI | D105: ARMADOR COM ENCARGOS COMPLEMENTARES | E105: H | F105: 0.1945 | G105: 22.96 | H105: 4.46 | I105: =F105*G105 -> 4.46572
A106: Insumo | B106: 00043132 | C106: SINAPI | D106: ARAME RECOZIDO 16 BWG, D = 1,65 MM (0,016 KG/M) OU 18 BWG, D = 1,25 MM (0,01 KG/M) | E106: KG | F106: 0.025 | G106: 26.9 | H106: 0.67 | I106: =F106*G106 -> 0.6725
A107: Insumo | B107: 00039017 | C107: SINAPI | D107: ESPACADOR / DISTANCIADOR CIRCULAR COM ENTRADA LATERAL, EM PLASTICO, PARA VERGALHAO *4,2 A 12,5* MM, COBRIMENTO 20 MM | E107: UN | F107: 1.9665 | G107: 0.19 | H107: 0.37 | I107: =F107*G107 -> 0.373635
A110: 4.1.1.9 | B110: Código | C110: Banco | D110: Descrição | E110: Und | F110: Quant. | G110: Valor Unit | H110: Total
A111: Composição | B111: 96545 | C111: SINAPI | D111: ARMAÇÃO DE BLOCO, VIGA BALDRAME OU SAPATA UTILIZANDO AÇO CA-50 DE 8 MM - MONTAGEM. | E111: KG | F111: 1 | G111: 15.58 | H111: 15.58 | I111: =SUM(I112:I116) -> 15.60169
A112: Composição Auxiliar | B112: 92793 | C112: SINAPI | D112: CORTE E DOBRA DE AÇO CA-50, DIÂMETRO DE 8,0 MM, UTILIZADO EM ESTRUTURAS DIVERSAS, EXCETO LAJES. AF_12/2015 | E112: KG | F112: 1 | G112: 11.5 | H112: 11.5 | I112: =F112*G112 -> 11.5
A113: Composição Auxiliar | B113: 88238 | C113: SINAPI | D113: AJUDANTE DE ARMADOR COM ENCARGOS COMPLEMENTARES | E113: H | F113: 0.0375 | G113: 17.06 | H113: 0.63 | I113: =F113*G113 -> 0.63975
A114: Composição Auxiliar | B114: 88245 | C114: SINAPI | D114: ARMADOR COM ENCARGOS COMPLEMENTARES | E114: H | F114: 0.1155 | G114: 22.96 | H114: 2.65 | I114: =F114*G114 -> 2.65188
A115: Insumo | B115: 00043132 | C115: SINAPI | D115: ARAME RECOZIDO 16 BWG, D = 1,65 MM (0,016 KG/M) OU 18 BWG, D = 1,25 MM (0,01 KG/M) | E115: KG | F115: 0.025 | G115: 26.9 | H115: 0.67 | I115: =F115*G115 -> 0.6725
A116: Insumo | B116: 00039017 | C116: SINAPI | D116: ESPACADOR / DISTANCIADOR CIRCULAR COM ENTRADA LATERAL, EM PLASTICO, PARA VERGALHAO *4,2 A 12,5* MM, COBRIMENTO 20 MM | E116: UN | F116: 0.724 | G116: 0.19 | H116: 0.13 | I116: =F116*G116 -> 0.13756
A119: 4.1.2 | D119: LAJE PISO E RAMPA ACESSO
A120: 4.1.2.1 | B120: Código | C120: Banco | D120: Descrição | E120: Und | F120: Quant. | G120: Valor Unit | H120: Total
A121: Composição | B121: PIS-LON-005 | C121: SETOP | D121: APLICAÇÃO DE LONA PRETA, ESP. 150 MICRAS, INCLUSIVE FORNECIMENTO | E121: m² | F121: 1 | G121: 2,56 | H121: 2,56 | I121: =SUM(I122:I123) -> 2.563
A122: Composição Auxiliar | B122: MAO-AJD-040 | C122: SETOP | D122: SERVENTE COM ENCARGOS COMPLEMENTARES | E122: HORA | F122: 0.1 | G122: 16,81 | H122: 1,68 | I122: =F122*G122 -> 1.681
A123: Insumo | B123: MATED- 12058 | C123: SETOP | D123: LONA PLÁSTICA (COR: PRETA/ESPESSURA: 150 MICRAS) | E123: m² | F123: 1.05 | G123: 0,84 | H123: 0,88 | I123: =F123*G123 -> 0.882
A126: 4.1.2.2 | B126: Código | C126: Banco | D126: Descrição | E126: Und | F126: Quant. | G126: Valor Unit | H126: Total
A127: Composição | B127: 97092 | C127: SINAPI | D127: ARMAÇÃO PARA EXECUÇÃO DE RADIER, PISO DE CONCRETO OU LAJE SOBRE SOLO, COM USO DE TELA Q-196 | E127: KG | F127: 1 | G127: 18.1 | H127: 18.1 | I127: =SUM(I128:I132) -> 18.12558
A128: Composição Auxiliar | B128: 88238 | C128: SINAPI | D128: AJUDANTE DE ARMADOR COM ENCARGOS COMPLEMENTARES | E128: H | F128: 0.008 | G128: 17.06 | H128: 0.13 | I128: =F128*G128 -> 0.13648
A129: Composição Auxiliar | B129: 88245 | C129: SINAPI | D129: ARMADOR COM ENCARGOS COMPLEMENTARES | E129: H | F129: 0.024 | G129: 22.96 | H129: 0.55 | I129: =F129*G129 -> 0.55104
A130: Insumo | B130: 00043132 | C130: SINAPI | D130: ARAME RECOZIDO 16 BWG, D = 1,65 MM (0,016 KG/M) OU 18 BWG, D = 1,25 MM (0,01 KG/M) | E130: KG | F130: 0.011 | G130: 26.9 | H130: 0.29 | I130: =F130*G130 -> 0.2959
A131: Insumo | B131: 00007156 | C131: SINAPI | D131: TELA DE ACO SOLDADA NERVURADA, CA-60, Q-196, (3,11 KG/M2), DIAMETRO DO FIO = 5,0 MM, LARGURA = 2,45 M, ESPACAMENTO DA MALHA = 10 X 10 CM | E131: m² | F131: 0.392 | G131: 36.83 | H131: 14.43 | I131: =F131*G131 -> 14.43736
...

Sheet Cronograma (não desonerado)
A1: OBRA | L1: BDI
A2: UNIVERSIDADE FEDERAL DOS VALES DO JEQUITINHONHA E MUCURI CAMPUS PRESIDENTE JUSCELINO KUBITSCHEK - DIAMANTINA - MG REFORMA E AMPLIAÇÃO DO ABRIGO DE RESÍDUOS DE SERVIÇOS DE SAÚDE (RSS) CRONOGRAMA FÍSICO-FINANCEIRO DE REFERÊNCIA - Não desonerada | L2: 0.2511
A3: ITEM | B3: DESCRIÇÃO | C3: TOTAL | E3: MÊS UM | G3: MÊS DOIS | I3: MÊS TRÊS | K3: MÊS QUATRO
C4: % | D4: VALOR | E4: % | F4: VALOR | G4: % | H4: VALOR | I4: % | J4: VALOR | K4: % | L4: VALOR
A5: ='Sintetica (não desonerado)'!A4 -> 1 | B5: ='Sintetica (não desonerado)'!B4 -> MOBILIZAÇÃO E DESMOBILIZAÇÃO DE OBRA | C5: =D5/D$50 -> 0.0049751059 | D5: =ROUND('Sintetica (não desonerado)'!G6*(1+$L$2),2) -> 1256.25 | E5: 0.5 | F5: =ROUND(E5*$D5,2) -> 628.13 | K5: 0.5 | L5: =ROUND(K5*$D5,2) -> 628.13 | M5: =SUM(E5+G5+I5+K5) -> 1
A6: ='Sintetica (não desonerado)'!A8 -> 2 | B6: ='Sintetica (não desonerado)'!B8 -> ADMINISTRAÇÃO LOCAL | C6: =D6/D$50 -> 0.12364796 | D6: =ROUND('Sintetica (não desonerado)'!G10*(1+$L$2),2) -> 31222 | E6: 0.2163 | F6: =ROUND(E6*$D6,2) -> 6753.32 | G6: 0.2581 | H6: =ROUND(G6*$D6,2) -> 8058.4 | I6: 0.4011 | J6: =ROUND(I6*$D6,2) -> 12523.14 | K6: 0.1245 | L6: =ROUND(K6*$D6,2) -> 3887.14 | M6: =SUM(E6+G6+I6+K6) -> 1
A7: ='Sintetica (não desonerado)'!A12 -> 3 | B7: ='Sintetica (não desonerado)'!B12 -> CANTEIRO DE OBRAS | C7: =D7/D$50 -> 0.016907598 | D7: =ROUND('Sintetica (não desonerado)'!G16*(1+$L$2),2) -> 4269.29 | E7: 1 | F7: =ROUND(E7*$D7,2) -> 4269.29 | M7: =SUM(E7+G7+I7+K7) -> 1
A8: ='Sintetica (não desonerado)'!A18 -> 4 | B8: ='Sintetica (não desonerado)'!B18 -> ABRIGO EXTERNO DE RESÍDUOS | C8: =D8/D$50 -> 0.66535729 | D8: =ROUND(SUM(D9,D13,D18,D26,D27,D28,D31,D32),2) -> 168007.5 | M8: =SUM(E8+G8+I8+K8) -> 0
A9: ='Sintetica (não desonerado)'!A19 -> 4.1 | B9: ='Sintetica (não desonerado)'!B19 -> INFRAESTRUTURA | C9: =D9/D$50 -> 0.096798986 | D9: =SUM(D10:D12) -> 24442.44 | M9: =SUM(E9+G9+I9+K9) -> 0
A10: ='Sintetica (não desonerado)'!A20 -> 4.1.1 | B10: ='Sintetica (não desonerado)'!B20 -> BLOCOS E VIGAS BALDRAMES | C10: =D10/D$50 -> 0.017601519 | D10: =ROUND('Sintetica (não desonerado)'!G20*(1+$L$2),2) -> 4444.51 | E10: 1 | F10: =ROUND(E10*$D10,2) -> 4444.51 | M10: =SUM(E10+G10+I10+K10) -> 1
A11: ='Sintetica (não desonerado)'!A30 -> 4.1.2 | B11: ='Sintetica (não desonerado)'!B30 -> LAJE PISO | C11: =D11/D$50 -> 0.048178113 | D11: =ROUND('Sintetica (não desonerado)'!G30*(1+$L$2),2) -> 12165.32 | E11: 1 | F11: =ROUND(E11*$D11,2) -> 12165.32 | M11: =SUM(E11+G11+I11+K11) -> 1
A12: ='Sintetica (não desonerado)'!A34 -> 4.1.3 | B12: ='Sintetica (não desonerado)'!B34 -> ESTRUTURA METÁLICA | C12: =D12/D$50 -> 0.031019354 | D12: =ROUND('Sintetica (não desonerado)'!G34*(1+$L$2),2) -> 7832.61 | E12: 1 | F12: =ROUND(E12*$D12,2) -> 7832.61 | M12: =SUM(E12+G12+I12+K12) -> 1
A13: ='Sintetica (não desonerado)'!A39 -> 4.2 | B13: ='Sintetica (não desonerado)'!B39 -> COBERTURA | C13: =D13/D$50 -> 0.075338964 | D13: =ROUND(SUM(D14:D17),2) -> 19023.63 | M13: =SUM(E13+G13+I13+K13) -> 0
A14: ='Sintetica (não desonerado)'!A40 -> 4.2.1 | B14: ='Sintetica (não desonerado)'!B40 -> RETIRADA DE TELHAS | C14: =D14/D$50 -> 0.00045143269 | D14: =ROUND('Sintetica (não desonerado)'!G40*(1+$L$2),2) -> 113.99 | E14: 1 | F14: =ROUND(E14*$D14,2) -> 113.99 | M14: =SUM(E14+G14+I14+K14) -> 1
A15: ='Sintetica (não desonerado)'!A42 -> 4.2.2 | B15: ='Sintetica (não desonerado)'!B42 -> ESTRUTURA METÁLICA DO TELHADO | C15: =D15/D$50 -> 0.022228832 | D15: =ROUND('Sintetica (não desonerado)'!G42*(1+$L$2),2) -> 5612.94 | E15: 1 | F15: =ROUND(E15*$D15,2) -> 5612.94 | M15: =SUM(E15+G15+I15+K15) -> 1
A16: ='Sintetica (não desonerado)'!A45 -> 4.2.3 | B16: ='Sintetica (não desonerado)'!B45 -> TELHAMENTO EM TELHA METÁLICA | C16: =D16/D$50 -> 0.031963882 | D16: =ROUND('Sintetica (não desonerado)'!G45*(1+$L$2),2) -> 8071.11 | E16: 1 | F16: =ROUND(E16*$D16,2) -> 8071.11 | M16: =SUM(E16+G16+I16+K16) -> 1
A17: ='Sintetica (não desonerado)'!A47 -> 4.2.4 | B17: ='Sintetica (não desonerado)'!B47 -> INSTALAÇÃO DE CALHAS / CUMEEIRAS / DESCIDAS D'ÁGUA | C17: =D17/D$50 -> 0.020694817 | D17: =ROUND('Sintetica (não desonerado)'!G47*(1+$L$2),2) -> 5225.59 | E17: 1 | F17: =ROUND(E17*$D17,2) -> 5225.59 | M17: =SUM(E17+G17+I17+K17) -> 1
A18: ='Sintetica (não desonerado)'!A53 -> 4.3 | B18: ='Sintetica (não desonerado)'!B53 -> ARQUITETURA | C18: =D18/D$50 -> 0.36999279 | D18: =ROUND(SUM(D19:D25),2) -> 93425.84 | M18: =SUM(E18+G18+I18+K18) -> 0
A19: ='Sintetica (não desonerado)'!A54 -> 4.3.1 | B19: ='Sintetica (não desonerado)'!B54 -> EXECUÇÃO DE ALVENARIA | C19: =D19/D$50 -> 0.015148717 | D19: =ROUND('Sintetica (não desonerado)'!G54*(1+$L$2),2) -> 3825.16 | G19: 1 | H19: =ROUND(G19*$D19,2) -> 3825.16 | M19: =SUM(E19+G19+I19+K19) -> 1
A20: ='Sintetica (não desonerado)'!A56 -> 4.3.2 | B20: ='Sintetica (não desonerado)'!B56 -> EXECUÇÃO DE REVESTIMENTO | C20: =D20/D$50 -> 0.050519433 | D20: =ROUND('Sintetica (não desonerado)'!G56*(1+$L$2),2) -> 12756.52 | G20: 1 | H20: =ROUND(G20*$D20,2) -> 12756.52 | M20: =SUM(E20+G20+I20+K20) -> 1
A21: ='Sintetica (não desonerado)'!A60 -> 4.3.3 | B21: ='Sintetica (não desonerado)'!B60 -> PINTURA INTERNA PAREDES, BANCADA CONCRETO E PORTAS | C21: =D21/D$50 -> 0.022526804 | D21: =ROUND('Sintetica (não desonerado)'!G60*(1+$L$2),2) -> 5688.18 | G21: 1 | H21: =ROUND(G21*$D21,2) -> 5688.18 | M21: =SUM(E21+G21+I21+K21) -> 1
A22: ='Sintetica (não desonerado)'!A65 -> 4.3.4 | B22: ='Sintetica (não desonerado)'!B65 -> PINTURA EXTERNA | C22: =D22/D$50 -> 0.0046201061 | D22: =ROUND('Sintetica (não desonerado)'!G65*(1+$L$2),2) -> 1166.61 | G22: 1 | H22: =ROUND(G22*$D22,2) -> 1166.61 | M22: =SUM(E22+G22+I22+K22) -> 1
A23: ='Sintetica (não desonerado)'!A67 -> 4.3.5 | B23: ='Sintetica (não desonerado)'!B67 -> PISO | C23: =D23/D$50 -> 0.013804755 | D23: =ROUND('Sintetica (não desonerado)'!G67*(1+$L$2),2) -> 3485.8 | G23: 1 | H23: =ROUND(G23*$D23,2) -> 3485.8 | M23: =SUM(E23+G23+I23+K23) -> 1
A24: ='Sintetica (não desonerado)'!A71 -> 4.3.6 | B24: ='Sintetica (não desonerado)'!B71 -> ESQUADRIAS (INSTAÇÃO DE JANELAS, PORTAS METÁLICAS E ALAMBRADO) | C24: =D24/D$50 -> 0.23251999 | D24: =ROUND('Sintetica (não desonerado)'!G71*(1+$L$2),2) -> 58712.97 | G24: 0.4 | H24: =ROUND(G24*$D24,2) -> 23485.19 | I24: 0.6 | J24: =ROUND(I24*$D24,2) -> 35227.78 | M24: =SUM(E24+G24+I24+K24) -> 1
A25: ='Sintetica (não desonerado)'!A76 -> 4.3.7 | B25: ='Sintetica (não desonerado)'!B76 -> BANCADA | C25: =D25/D$50 -> 0.030852983 | D25: =ROUND('Sintetica (não desonerado)'!G76*(1+$L$2),2) -> 7790.6 | I25: 0.7 | J25: =ROUND(I25*$D25,2) -> 5453.42 | K25: 0.3 | L25: =ROUND(K25*$D25,2) -> 2337.18 | M25: =SUM(E25+G25+I25+K25) -> 1
A26: ='Sintetica (não desonerado)'!A81 -> 4.4 | B26: ='Sintetica (não desonerado)'!B81 -> PAISAGISMO | C26: =D26/D$50 -> 0.0093924454 | D26: =ROUND('Sintetica (não desonerado)'!G85*(1+$L$2),2) -> 2371.66 | K26: 1 | L26: =ROUND(K26*$D26,2) -> 2371.66 | M26: =SUM(E26+G26+I26+K26) -> 1
A27: ='Sintetica (não desonerado)'!A87 -> 4.5 | B27: ='Sintetica (não desonerado)'!B87 -> COMBATE A INCENDIO | C27: =D27/D$50 -> 0.001599994 | D27: =ROUND('Sintetica (não desonerado)'!G90*(1+$L$2),2) -> 404.01 | I27: 1 | J27: =ROUND(I27*$D27,2) -> 404.01 | M27: =SUM(E27+G27+I27+K27) -> 1
A28: ='Sintetica (não desonerado)'!A92 -> 4.6 | B28: ='Sintetica (não desonerado)'!B92 -> INSTALAÇÕES HIDROSSANITÁRIAS | C28: =D28/D$50 -> 0.055542656 | D28: =ROUND(SUM(D29:D30),2) -> 14024.92 | M28: =SUM(E28+G28+I28+K28) -> 0
A29: ='Sintetica (não desonerado)'!A93 -> 4.6.1 | B29: ='Sintetica (não desonerado)'!B93 -> INSTALAÇÕES SANITÁRIAS, APARELHOS SANITÁRIOS E ACESSÓRIOS | C29: =D29/D$50 -> 0.044594017 | D29: =ROUND('Sintetica (não desonerado)'!G93*(1+$L$2),2) -> 11260.31 | I29: 1 | J29: =ROUND(I29*$D29,2) -> 11260.31 | M29: =SUM(E29+G29+I29+K29) -> 1
A30: ='Sintetica (não desonerado)'!A121 -> 4.6.2 | B30: ='Sintetica (não desonerado)'!B121 -> INSTALAÇÕES HIDRÁULICAS | C30: =D30/D$50 -> 0.010948639 | D30: =ROUND('Sintetica (não desonerado)'!G121*(1+$L$2),2) -> 2764.61 | I30: 1 | J30: =ROUND(I30*$D30,2) -> 2764.61 | M30: =SUM(E30+G30+I30+K30) -> 1
A31: ='Sintetica (não desonerado)'!A133 -> 4.7 | B31: ='Sintetica (não desonerado)'!B133 -> INSTALAÇÕES ELÉTRICAS | C31: =D31/D$50 -> 0.044865653 | D31: =ROUND('Sintetica (não desonerado)'!G151*(1+$L$2),2) -> 11328.9 | I31: 1 | J31: =ROUND(I31*$D31,2) -> 11328.9 | M31: =SUM(E31+G31+I31+K31) -> 1
A32: ='Sintetica (não desonerado)'!A153 -> 4.8 | B32: ='Sintetica (não desonerado)'!B153 -> SERVIÇOS COMPLEMENTARES | C32: =D32/D$50 -> 0.011825802 | D32: =ROUND('Sintetica (não desonerado)'!G158*(1+$L$2),2) -> 2986.1 | K32: 1 | L32: =ROUND(K32*$D32,2) -> 2986.1 | M32: =SUM(E32+G32+I32+K32) -> 1
A33: ='Sintetica (não desonerado)'!A160 -> 5 | B33: ='Sintetica (não desonerado)'!B160 -> ABRIGO TEMPORÁRIO DE RESÍDUOS INFECTANTES (4 UNIDADES) | C33: =D33/D$50 -> 0.189112 | D33: =ROUND(SUM(D34,D37,D40,D47,D48),2) -> 47752.14 | M33: =SUM(E33+G33+I33+K33) -> 0
A34: ='Sintetica (não desonerado)'!A161 -> 5.1 | B34: ='Sintetica (não desonerado)'!B161 -> INFRAESTRUTURA | C34: =D34/D$50 -> 0.038590941 | D34: =ROUND(SUM(D35:D36),2) -> 9744.49 | M34: =SUM(E34+G34+I34+K34) -> 0
A35: ='Sintetica (não desonerado)'!A162 -> 5.1.1 | B35: ='Sintetica (não desonerado)'!B162 -> VIGAS BALDRAMES E CINTAS DE AMARRAÇÃO | C35: =D35/D$50 -> 0.030597703 | D35: =ROUND('Sintetica (não desonerado)'!G162*(1+$L$2),2) -> 7726.14 | I35: 1 | J35: =ROUND(I35*$D35,2) -> 7726.14 | M35: =SUM(E35+G35+I35+K35) -> 1
A36: ='Sintetica (não desonerado)'!A173 -> 5.1.2 | B36: ='Sintetica (não desonerado)'!B173 -> LAJE PISO | C36: =D36/D$50 -> 0.0079932377 | D36: =ROUND('Sintetica (não desonerado)'!G173*(1+$L$2),2) -> 2018.35 | I36: 1 | J36: =ROUND(I36*$D36,2) -> 2018.35 | M36: =SUM(E36+G36+I36+K36) -> 1
A37: ='Sintetica (não desonerado)'!A178 -> 5.2 | B37: ='Sintetica (não desonerado)'!B178 -> COBERTURA | C37: =D37/D$50 -> 0.015898676 | D37: =ROUND(SUM(D38:D39),2) -> 4014.53 | M37: =SUM(E37+G37+I37+K37) -> 0
A38: ='Sintetica (não desonerado)'!A179 -> 5.2.1 | B38: ='Sintetica (não desonerado)'!B179 -> ESTRUTURA METÁLICA DO TELHADO | C38: =D38/D$50 -> 0.0077025925 | D38: =ROUND('Sintetica (não desonerado)'!G179*(1+$L$2),2) -> 1944.96 | I38: 1 | J38: =ROUND(I38*$D38,2) -> 1944.96 | M38: =SUM(E38+G38+I38+K38) -> 1
A39: ='Sintetica (não desonerado)'!A182 -> 5.2.2 | B39: ='Sintetica (não desonerado)'!B182 -> TELHAMENTO EM TELHA COLONIAL | C39: =D39/D$50 -> 0.0081960834 | D39: =ROUND('Sintetica (não desonerado)'!G182*(1+$L$2),2) -> 2069.57 | I39: 1 | J39: =ROUND(I39*$D39,2) -> 2069.57 | M39: =SUM(E39+G39+I39+K39) -> 1
A40: ='Sintetica (não desonerado)'!A185 -> 5.3 | B40: ='Sintetica (não desonerado)'!B185 -> ARQUITETURA | C40: =D40/D$50 -> 0.11515106 | D40: =ROUND(SUM(D41:D46),2) -> 29076.47 | M40: =SUM(E40+G40+I40+K40) -> 0
A41: ='Sintetica (não desonerado)'!A186 -> 5.3.1 | B41: ='Sintetica (não desonerado)'!B186 -> EXECUÇÃO DE ALVENARIA | C41: =D41/D$50 -> 0.01446141 | D41: =ROUND('Sintetica (não desonerado)'!G186*(1+$L$2),2) -> 3651.61 | I41: 1 | J41: =ROUND(I41*$D41,2) -> 3651.61 | M41: =SUM(E41+G41+I41+K41) -> 1
A42: ='Sintetica (não desonerado)'!A188 -> 5.3.2 | B42: ='Sintetica (não desonerado)'!B188 -> EXECUÇÃO DE REVESTIMENTO | C42: =D42/D$50 -> 0.037779479 | D42: =ROUND('Sintetica (não desonerado)'!G188*(1+$L$2),2) -> 9539.59 | I42: 1 | J42: =ROUND(I42*$D42,2) -> 9539.59 | M42: =SUM(E42+G42+I42+K42) -> 1
A43: ='Sintetica (não desonerado)'!A192 -> 5.3.3 | B43: ='Sintetica (não desonerado)'!B192 -> PINTURA DE PORTAS | C43: =D43/D$50 -> 0.01183994 | D43: =ROUND('Sintetica (não desonerado)'!G192*(1+$L$2),2) -> 2989.67 | K43: 1 | L43: =ROUND(K43*$D43,2) -> 2989.67 | M43: =SUM(E43+G43+I43+K43) -> 1
A44: ='Sintetica (não desonerado)'!A195 -> 5.3.4 | B44: ='Sintetica (não desonerado)'!B195 -> PINTURA EXTERNA | C44: =D44/D$50 -> 0.0047418452 | D44: =ROUND('Sintetica (não desonerado)'!G195*(1+$L$2),2) -> 1197.35 | K44: 1 | L44: =ROUND(K44*$D44,2) -> 1197.35 | M44: =SUM(E44+G44+I44+K44) -> 1
A45: ='Sintetica (não desonerado)'!A198 -> 5.3.5 | B45: ='Sintetica (não desonerado)'!B198 -> PISO | C45: =D45/D$50 -> 0.0028009895 | D45: =ROUND('Sintetica (não desonerado)'!G198*(1+$L$2),2) -> 707.27 | K45: 1 | L45: =ROUND(K45*$D45,2) -> 707.27 | M45: =SUM(E45+G45+I45+K45) -> 1
A46: ='Sintetica (não desonerado)'!A200 -> 5.3.6 | B46: ='Sintetica (não desonerado)'!B200 -> ESQUADRIAS (PORTAS METÁLICAS) | C46: =D46/D$50 -> 0.043527394 | D46: =ROUND('Sintetica (não desonerado)'!G200*(1+$L$2),2) -> 10990.98 | K46: 1 | L46: =ROUND(K46*$D46,2) -> 10990.98 | M46: =SUM(E46+G46+I46+K46) -> 1
A47: ='Sintetica (não desonerado)'!A204 -> 5.4 | B47: ='Sintetica (não desonerado)'!B204 -> INSTALAÇÕES HIDROSSANITÁRIAS | C47: =D47/D$50 -> 0.0074479859 | D47: =ROUND('Sintetica (não desonerado)'!G213*(1+$L$2),2) -> 1880.67 | K47: 1 | L47: =ROUND(K47*$D47,2) -> 1880.67 | M47: =SUM(E47+G47+I47+K47) -> 1
A48: ='Sintetica (não desonerado)'!A215 -> 5.5 | B48: ='Sintetica (não desonerado)'!B215 -> INSTALAÇÕES ELÉTRICAS | C48: =D48/D$50 -> 0.012023341 | D48: =ROUND('Sintetica (não desonerado)'!G222*(1+$L$2),2) -> 3035.98 | K48: 1 | L48: =ROUND(K48*$D48,2) -> 3035.98 | M48: =SUM(E48+G48+I48+K48) -> 1
B50: (R$) SIMPLES | D50: =ROUND(SUM(D5,D6,D7,D9,D13,D18,D26,D27,D28,D31,D32,D34,D37,D40,D47,D48,),2)+0.01 -> 252507.19 | F50: =SUM(F5:F49) -> 55116.81 | H50: =SUM(H5:H49) -> 58465.86 | J50: =SUM(J5:J49) -> 105912.39 | L50: =SUM(L5:L49) -> 33012.13
B51: (%) SIMPLES | D51: =SUM(C5,C6,C7,C9,C13,C18,C26,C27,C28,C32,C34,C37,C40,C47,C48,C31) -> 0.99999996 | F51: =F50/$D$50 -> 0.21827818 | H51: =H50/$D$50 -> 0.23154137 | J51: =J50/$D$50 -> 0.41944307 | L51: =L50/$D$50 -> 0.13073739
B53: (R$) ACUMULADO | F53: =F50 -> 55116.81 | H53: =H50+F53 -> 113582.67 | J53: =J50+H53-0.01 -> 219495.05 | L53: =L50+J53+0.01 -> 252507.19
B54: (%) ACUMULADO | F54: =F51 -> 0.21827818 | H54: =H51+F54 -> 0.44981955 | J54: =J51+H54 -> 0.86926261 | L54: =L51+J54 -> 1
L59: ='Sintetica (não desonerado)'!G226 -> 252507.19

Sheet BDI (não desonerado)
A1: UNIVERSIDADE FEDERAL DOS VALES DO JEQUITINHONHA E MUCURI CAMPUS PRESIDENTE JUSCELINO KUBITSCHEK - DIAMANTINA - MG REFORMA E AMPLIAÇÃO DO ABRIGO DE RESÍDUOS DE SERVIÇOS DE SAÚDE (RSS) BDI DE SERVIÇOS DE REFERÊNCIA
A2: MODELO COMPOSIÇÃO DA TAXA DE BENEFÍCIOS E DESPESAS INDIRETAS CIDADE DE DIAMANTINA (NÃO DESONERADO)
A3: Grupo | B3: A | C3: Despesas indiretas
B4: A.1 | C4: Administração central | D4: 0.04
B5: A.2 | C5: Garantia e Seguro Contratual | D5: 0.01
B6: A.3 | C6: Seguro de Risco de Engenharia | D6: 0.0127
B7: A.4 | C7: Outros | D7: 0
C8: Total do grupo A | D8: =SUM(D4:D7) -> 0.0627
A10: Grupo | B10: B | C10: Bonificação
B11: B.1 | C11: Lucro | D11: 0.074
C12: Total do grupo B | D12: =SUM(D11) -> 0.074
A14: Grupo | B14: C | C14: Impostos
B15: C.1 | C15: PIS | D15: 0.0065
B16: C.2 | C16: COFINS | D16: 0.03
B17: C.3 | C17: ISS (Prefeitura de Diamantina)* | D17: 0.04
B18: C.4 | C18: CPRB (Contribuição Previdenciária sobre Renda Bruta) | D18: 0
C19: Total do grupo C | D19: =SUM(D15:D18) -> 0.0765
A21: Grupo | B21: D | C21: Despesas Financeiras (F)
C22: Despesas Financeiras (F) | D22: 0.0123
C23: Total do grupo D | D23: =SUM(D22) -> 0.0123
A25: Fórmula para o cálculo do B.D.I. ( benefícios e despesas indiretas )
A26: BDI = BDI (%) = [(1+A) x (1+F) x (1+B)]/(1-I) - 1 | D26: =((((1+D8)*(1+D23)*(1+D12))/(1-D19)-1)) -> 0.25108639

Sheet Sintética (desonerada)
A1: OBRA | E1: BANCO | G1: BDI
A2: UNIVERSIDADE FEDERAL DOS VALES DO JEQUITINHONHA E MUCURI CAMPUS PRESIDENTE JUSCELINO KUBITSCHEK - DIAMANTINA - MG REFORMA E AMPLIAÇÃO DO ABRIGO DE RESÍDUOS DE SERVIÇOS DE SAÚDE (RSS) PLANILHA ORÇAMENTÁRIA SINTÉTICA DE REFERÊNCIA - DESONERADA | E2: SINAPI - 02/2022 - Minas Gerais SETOP - 01/2022 - Minas Gerais | G2: 0.3152
A3: Item | B3: Código | C3: Descrição | D3: Und | E3: Quant. | F3: Valor Unit | G3: Total
A4: 1 | C4: MOBILIZAÇÃO E DESMOBILIZAÇÃO DE OBRA | G4: =G5 -> 959.95
A5: 1.1 | B5: MOB-DES-020 | C5: OBRAS COM VALOR ATÉ 1.000.000,00 | D5: % | E5: 0.005 | F5: =SUM(G6,G8,G12,G138) -> 191990.6 | G5: =ROUND(F5*E5,2) -> 959.95
A6: 2 | C6: ADMINISTRAÇÃO LOCAL | G6: 21748.4
A7: 2.1 | B7: 93572 | C7: ENCARREGADO GERAL DE OBRAS COM ENCARGOS COMPLEMENTARES | D7: MES | E7: 4 | F7: 5437.1 | G7: 21748.4
A8: 3 | C8: CANTEIRO DE OBRAS | G8: 3366.89
A9: 3.1 | B9: ED-16660 | C9: FORNECIMENTO E COLOCAÇÃO DE PLACA DE OBRA EM CHAPA GALVANIZADA #26, ESP. 0,45 MM, PLOTADA COM ADESIVO VINÍLICO, AFIXADA COM REBITES 4,8X40 MM, EM ESTRUTURA METÁLICA DE METALON 20X20 MM, ESP. 1,25 MM, INCLUSIVE SUPORTE EM EUCALIPTO AUTOCLAVADO PINTADO COM TINTA PVA DUAS (2) DEMÃOS | D9: m² | E9: 2.2 | F9: 201.25 | G9: 442.75
A10: 3.2 | B10: IIO-TAP-026 | C10: TAPUME COM TELA DE POLIETILENO | D10: M | E10: 179.18 | F10: 14.84 | G10: 2659.03
A11: 3.3 | B11: LOC-OBR-005 | C11: LOCAÇÃO DA OBRA (GABARITO) | D11: m² | E11: 32.73 | F11: 8.1 | G11: 265.11
A12: 4 | C12: ABRIGO EXTERNO DE RESÍDUOS | G12: 130092.28
A13: 4.1 | C13: INFRAESTRUTURA | G13: 19232.97
A14: 4.1.1 | C14: BLOCOS E VIGAS BALDRAMES | G14: 3349.53
A15: 4.1.1.1 | B15: 97629 | C15: DEMOLIÇÃO DE PISO, DE FORMA MECANIZADA COM MARTELETE, SEM REAPROVEITAMENTO | D15: m³ | E15: 5.65 | F15: 93.24 | G15: 526.8
A16: 4.1.1.2 | B16: 93358 | C16: ESCAVAÇÃO MANUAL DE VALAS (BLOCOS E VIGAS BALDRAMES) | D16: m³ | E16: 2.54 | F16: 59.97 | G16: 152.32
A17: 4.1.1.3 | B17: 93382 | C17: REATERRO MANUAL DE VALAS COM COMPACTAÇÃO MECANIZADA. | D17: m³ | E17: 1.46 | F17: 24.83 | G17: 36.25
A18: 4.1.1.4 | B18: TER-REG-010 | C18: REGULARIZAÇÃO E COMPACTAÇÃO DE TERRENO COM PLACA VIBRATÓRIA (VIGAS BALDRAMES, SAPATAS E PISO) | D18: m² | E18: 98.75 | F18: 3.85 | G18: 380.18
A19: 4.1.1.5 | B19: 96557 | C19: CONCRETAGEM DE BLOCOS DE COROAMENTO E VIGAS BALDRAMES, FCK 30 MPA, COM USO DE BOMBA  LANÇAMENTO, ADENSAMENTO E ACABAMENTO. | D19: m³ | E19: 1.12 | F19: 511 | G19: 572.32
A20: 4.1.1.6 | B20: EST-FOR-005 | C20: FORMA E DESFORMA DE TÁBUA E SARRAFO, REAPROVEITAMENTO (3X) - (BLOCOS, VIGAS BALDRAMES E PISO) | D20: m² | E20: 21.48 | F20: 49.08 | G20: 1054.23
A21: 4.1.1.7 | B21: 98557 | C21: IMPERMEABILIZAÇÃO DE SUPERFÍCIE COM EMULSÃO ASFÁLTICA, 2 DEMÃOS | D21: m² | E21: 9.6 | F21: 35.01 | G21: 336.09
A22: 4.1.1.8 | B22: 96543 | C22: ARMAÇÃO DE BLOCO, VIGA BALDRAME E SAPATA UTILIZANDO AÇO CA-60 DE 4,2 E 5 MM - MONTAGEM. | D22: KG | E22: 5.79 | F22: 17.12 | G22: 99.12
A23: 4.1.1.9 | B23: 96545 | C23: ARMAÇÃO DE BLOCO, VIGA BALDRAME OU SAPATA UTILIZANDO AÇO CA-50 DE 8 MM - MONTAGEM. | D23: KG | E23: 12.68 | F23: 15.16 | G23: 192.22
A24: 4.1.2 | C24: LAJE PISO E RAMPA ACESSO | G24: 9673.27
A25: 4.1.2.1 | B25: PIS-LON-005 | C25: APLICAÇÃO DE LONA PRETA, ESP. 150 MICRAS, INCLUSIVE FORNECIMENTO | D25: m² | E25: 88.3338 | F25: 2.39 | G25: 211.11
A26: 4.1.2.2 | B26: 97092 | C26: ARMAÇÃO PARA EXECUÇÃO DE RADIER, PISO DE CONCRETO OU LAJE SOBRE SOLO, COM USO DE TELA Q-196 | D26: KG | E26: 274.71812 | F26: 18.03 | G26: 4953.16
A27: 4.1.2.3 | B27: 97096 | C27: CONCRETAGEM DE RADIER, PISO DE CONCRETO OU LAJE SOBRE SOLO, FCK 30 MPA - LANÇAMENTO, ADENSAMENTO E ACABAMENTO (ESP. = 10 CM) | D27: m³ | E27: 9.57 | F27: 471.16 | G27: 4509
A28: 4.1.3 | C28: ESTRUTURA METÁLICA | G28: 6210.17
A29: 4.1.3.1 | B29: COMP-ABRIGO-03 | C29: PILAR METÁLICO PERFIL UDC ("U" DOBRADO DE CHAPA) SIMPLES DE ACO LAMINADO, GALVANIZADO, ASTM A36, 127 X 50 MM, E= 3 MM - CHAPA DUPLA, INCLUSO 1 (UMA) DEMÃO DE ZARCÃO E 2 (DUAS) DEMÃOS DE PINTURA | D29: KG | E29: 290.7 | F29: 11.09 | G29: 3223.86
A30: 4.1.3.2 | B30: COMP-ABRIGO-03 | C30: PILAR METÁLICO PERFIL UDC ("U" DOBRADO DE CHAPA) SIMPLES DE ACO LAMINADO, GALVANIZADO, ASTM A36, 127 X 50 MM, E= 3 MM - CHAPA DUPLA, INCLUSO 1 (UMA) DEMÃO DE ZARCÃO E 2 (DUAS) DEMÃOS DE PINTURA | D30: KG | E30: 269.28 | F30: 11.09 | G30: 2986.31
A31: 4.2 | C31: COBERTURA | G31: 14762.19
A32: 4.2.1 | C32: RETIRADA DE TELHAS | G32: 81.79
A33: 4.2.1.1 | B33: 97647 | C33: REMOÇÃO DE TELHAS, DE FIBROCIMENTO, METÁLICA E CERÂMICA, DE FORMA MANUAL, SEM REAPROVEITAMENTO | D33: m² | E33: 33.25 | F33: 2.46 | G33: 81.79
A34: 4.2.2 | C34: ESTRUTURA METÁLICA DO TELHADO | G34: 4288.08
A35: 4.2.2.1 | B35: 92580 | C35: TRAMA DE AÇO COMPOSTA POR TERÇAS PARA TELHADOS DE ATÉ 2 ÁGUAS PARA TELHA METÁLICA, INCLUSO TRANSPORTE VERTICAL | D35: m² | E35: 44.75 | F35: 46.67 | G35: 2088.48
A36: 4.2.2.2 | B36: PIN-ESM-035 | C36: PINTURA ESMALTE EM ESTRUTURA METÁLICA, DUAS (2) DEMÃOS, INCLUSIVE UMA (1) DEMÃO FUNDO ANTICORROSIVO | D36: m² | E36: 78 | F36: 28.2 | G36: 2199.6
A37: 4.2.3 | C37: TELHAMENTO EM TELHA METÁLICA | G37: 6273.54
A38: 4.2.3.1 | B38: COB-TEL-045 | C38: COBERTURA EM TELHA METÁLICA GALVANIZADA TRAPEZOIDAL, TIPO SIMPLES, ESP. 0,50MM, ACABAMENTO NATURAL, INCLUSIVE ACESSÓRIOS PARA FIXAÇÃO, FORNECIMENTO E INSTALAÇÃO | D38: m² | E38: 78 | F38: 80.43 | G38: 6273.54
A39: 4.2.4 | C39: INSTALAÇÃO DE CALHAS / CUMEEIRAS / DESCIDAS D'ÁGUA | G39: 4118.78
A40: 4.2.4.1 | B40: COB-CUM-015 | C40: CUMEEIRA GALVANIZADA TRAPEZOIDAL E = 0,50 MM, SIMPLES | D40: M | E40: 8.98 | F40: 31.92 | G40: 286.64
A41: 4.2.4.2 | B41: 94228 | C41: CALHA EM CHAPA DE AÇO GALVANIZADO NÚMERO 24, DESENVOLVIMENTO DE 50 CM, INCLUSO TRANSPORTE VERTICAL. | D41: M | E41: 28.34 | F41: 111.43 | G41: 3157.92
A42: 4.2.4.3 | B42: 91789 | C42: INSTALAÇÃO DE TUBOS DE PVC, SÉRIE R, ÁGUA PLUVIAL, DN 75 MM (INSTALADO EM RAMAL DE ENCAMINHAMENTO, OU CONDUTORES VERTICAIS), INCLUSIVE CONEXÕES, CORTE E FIXAÇÕES, PARA PRÉDIOS | D42: M | E42: 13.28 | F42: 50.77 | G42: 674.22
A43: 4.3 | C43: ARQUITETURA | G43: 72233.51
A44: 4.3.1 | C44: EXECUÇÃO DE ALVENARIA | G44: 2937.1
A45: 4.3.1.1 | B45: 103322 | C45: ALVENARIA DE VEDAÇÃO DE BLOCOS CERÂMICOS FURADOS NA VERTICAL DE 9X19X39 CM (ESPESSURA 9 CM) E ARGAMASSA DE ASSENTAMENTO COM PREPARO EM BETONEIRA | D45: m² | E45: 58.66 | F45: 50.07 | G45: 2937.1
A46: 4.3.2 | C46: EXECUÇÃO DE REVESTIMENTO | G46: 9666.8
A47: 4.3.2.1 | B47: 87879 | C47: CHAPISCO APLICADO EM ALVENARIAS E ESTRUTURAS DE CONCRETO INTERNAS | D47: m² | E47: 117.32 | F47: 3.37 | G47: 395.36
A48: 4.3.2.2 | B48: 87794 | C48: EMBOÇO OU MASSA ÚNICA EM ARGAMASSA TRAÇO 1:2:8, PREPARO MANUAL, ESPESSURA DE 25 MM. | D48: m² | E48: 117.32 | F48: 33.19 | G48: 3893.85
A49: 4.3.2.3 | B49: REV-AZU-011 | C49: REVESTIMENTO COM AZULEJO BRANCO (20X20CM), JUNTA A PRUMO, ASSENTAMENTO COM ARGAMASSA INDUSTRIALIZADA, INCLUSIVE REJUNTAMENTO | D49: m² | E49: 96.615 | F49: 55.66 | G49: 5377.59
A50: 4.3.3 | C50: PINTURA INTERNA PAREDES, BANCADA CONCRETO E PORTAS | G50: 4320.73
A51: 4.3.3.1 | B51: 88485 | C51: APLICAÇÃO DE FUNDO SELADOR ACRÍLICO EM PAREDES, UMA DEMÃO | D51: m² | E51: 217.44 | F51: 2.6 | G51: 565.34
A52: 4.3.3.2 | B52: 88489 | C52: APLICAÇÃO MANUAL DE PINTURA COM TINTA LÁTEX ACRÍLICA EM PAREDES, DUAS DEMÃOS | D52: m² | E52: 152.55 | F52: 11.8 | G52: 1800.09
A53: 4.3.3.3 | B53: 100719 | C53: PINTURA COM TINTA ALQUÍDICA DE FUNDO (TIPO ZARCÃO) PULVERIZADA SOBRE PERFIL METÁLICO EXECUTADO EM FÁBRICA (POR DEMÃO) - (PILARES E PORTAS METÁLICAS) | D53: m² | E53: 40.71 | F53: 9.17 | G53: 373.31
A54: 4.3.3.4 | B54: 100761 | C54: PINTURA COM TINTA ALQUÍDICA DE ACABAMENTO (ESMALTE SINTÉTICO FOSCO) PULVERIZADA SOBRE SUPERFÍCIES METÁLICAS EXECUTADO EM OBRA (02 DEMÃOS) - (PILARES E PORTAS METÁLICAS) | D54: m² | E54: 40.71 | F54: 38.86 | G54: 1581.99
A55: 4.3.4 | C55: PINTURA EXTERNA | G55: 899.37
A56: 4.3.4.1 | B56: 88423 | C56: APLICAÇÃO MANUAL DE PINTURA COM TINTA TEXTURIZADA ACRÍLICA EM PAREDES EXTERNAS. | D56: m² | E56: 64.89 | F56: 13.86 | G56: 899.37
A57: 4.3.5 | C57: PISO | G57: 2691.86
A58: 4.3.5.1 | B58: 87251 | C58: REVESTIMENTO CERÂMICO PARA PISO COM PLACAS TIPO ESMALTADA EXTRA (ANTIDERRAPANTE) DE DIMENSÕES 45X45 CM | D58: m² | E58: 29.5 | F58: 46.16 | G58: 1361.72
A59: 4.3.5.2 | B59: 98680 | C59: PISO CIMENTADO, TRAÇO 1:3 (CIMENTO E AREIA), ACABAMENTO LISO, ESPESSURA 3,0 CM, PREPARO MECÂNICO DA ARGAMASSA. | D59: m² | E59: 26.38 | F59: 37.31 | G59: 984.23
A60: 4.3.5.3 | B60: ROD-ARD-005 | C60: RODAPÉ DE PEDRA ARDÓSIA H = 5 CM | D60: M | E60: 41.23 | F60: 8.39 | G60: 345.91
A61: 4.3.6 | C61: ESQUADRIAS (INSTAÇÃO DE JANELAS, PORTAS METÁLICAS E ALAMBRADO) | G61: 45719.55
A62: 4.3.6.1 | B62: SER-POR-050 | C62: PORTÃO DE FERRO PADRÃO, EM CHAPA (TIPO LAMBRI), COLOCADO COM CADEADO (P01 E P02) | D62: m² | E62: 9.45 | F62: 272.14 | G62: 2571.72
A63: 4.3.6.2 | B63: SEE-ALA-005 | C63: ALAMBRADO H = 3,20 M, TELA GALVANIZADA FIO 12, # 7,5 CM, TUBO FERRO 50 MM, PAREDE CHAPA 13, FIXADO EM FUNDAÇÃO DE CONCRETO FCK = 20 MPA, COM PROF. = 50 CM E PINTURA, INCLUSO VIGA BALDRAME (ARMAÇÃO E CONCRETO) | D63: M | E63: 50.65 | F63: 774.17 | G63: 39211.71
A64: 4.3.6.3 | B64: SER-CAI-006 | C64: FORNECIMENTO E ASSENTAMENTO DE CAIXILHO FIXO DE FERRO COM TELA CORRUGADA # 15 MM FIO 12 | D64: m² | E64: 5.41 | F64: 233.84 | G64: 1265.07
A65: 4.3.6.4 | B65: SER-POR-076 | C65: PORTÃO EM TUBO GALVANIZADO 1 1/2" COM TELA FIO 12 # 1/2" E CADEADO | D65: m² | E65: 7.5 | F65: 356.14 | G65: 2671.05
A66: 4.3.7 | C66: BANCADA | G66: 5998.1
A67: 4.3.7.1 | B67: BAN-ARD-005 | C67: BANCADA EM ARDÓSIA E = 3 CM, APOIADA EM ALVENARIA | D67: m² | E67: 1.59 | F67: 205.08 | G67: 326.07
A68: 4.3.7.2 | B68: SEE-EST-040 | C68: LAJE 8 CM MACIÇA DE CONCRETO 20MPA, COM ARMAÇÃO, FORMA RESINADA. ESCORAMENTO E DESFORMA (BANCADA DE CONCRETO) | D68: m² | E68: 34.77 | F68: 163.13 | G68: 5672.03
A69: 4.4 | C69: PAISAGISMO | G69: 1845.06
A70: 4.4.2001 | B70: 98504 | C70: PLANTIO DE GRAMA EM PLACAS. | D70: m² | E70: 83.77 | F70: 12.11 | G70: 1014.45
A71: 4.4.2002 | B71: 98520 | C71: APLICAÇÃO DE ADUBO EM SOLO. | D71: m² | E71: 83.77 | F71: 5.08 | G71: 425.55
A72: 4.4.2003 | B72: 98510 | C72: PLANTIO DE ÁRVORE ORNAMENTAL COM ALTURA DE MUDA MENOR OU IGUAL A 2,00 M. | D72: UN | E72: 6 | F72: 67.51 | G72: 405.06
A73: 4.5 | C73: COMBATE A INCENDIO | G73: 312.64
A74: 4.5.2001 | B74: INC-EXT-016 | C74: EXTINTOR DE INCÊNDIO TIPO PÓ QUÍMICO 20-A:20-B:C, CAPACIDADE 6 KG, INCLUSO SUPORTE E FIXAÇÃO | D74: U | E74: 1 | F74: 161.29 | G74: 161.29
A75: 4.5.2002 | B75: INC-PLA-040 | C75: PLACAS FOTOLUMINESCENTES DE SINALIZAÇÃO E ALERTA | D75: U | E75: 5 | F75: 30.27 | G75: 151.35
A76: 4.6 | C76: INSTALAÇÕES HIDROSSANITÁRIAS | G76: 10685.56
A77: 4.6.1 | C77: INSTALAÇÕES SANITÁRIAS, APARELHOS SANITÁRIOS E ACESSÓRIOS | G77: 8630.92
A78: 4.6.1.1 | B78: 86942 | C78: LAVATÓRIO LOUÇA BRANCA SUSPENSO, 29,5 X 39CM OU EQUIVALENTE, INCLUSO SIFÃO TIPO GARRAFA EM PVC, VÁLVULA E ENGATE FLEXÍVEL 30CM EM PLÁSTICO E TORNEIRA CROMADA DE MESA - FORNECIMENTO E INSTALAÇÃO | D78: UN | E78: 1 | F78: 237.55 | G78: 237.55
A79: 4.6.1.2 | B79: 86913 | C79: TORNEIRA CROMADA 1/2 OU 3/4 PARA TANQUE - FORNECIMENTO E INSTALAÇÃO. | D79: UN | E79: 2 | F79: 44.96 | G79: 89.92
A80: 4.6.1.3 | B80: COMP-ABRIGO-01 | C80: LAVA OLHOS DE EMERGÊNCIA C/ CUBA FLEXÍVEL E CHUVEIRO P/ LABORATÓRIO - FORNECIMENTO E INSTALAÇÃO | D80: UN | E80: 1 | F80: 1362.96 | G80: 1362.96
A81: 4.6.1.4 | B81: 89712 | C81: TUBO PVC, SERIE NORMAL, ESGOTO PREDIAL, DN 50 MM, FORNECIDO E INSTALADO EM RAMAL DE DESCARGA OU RAMAL DE ESGOTO SANITÁRIO. | D81: M | E81: 19.3 | F81: 27.33 | G81: 527.46
A82: 4.6.1.5 | B82: 89711 | C82: TUBO PVC, SERIE NORMAL, ESGOTO PREDIAL, DN 40 MM, FORNECIDO E INSTALADO EM RAMAL DE DESCARGA OU RAMAL DE ESGOTO SANITÁRIO. | D82: M | E82: 37.22 | F82: 17.93 | G82: 667.35
A83: 4.6.1.6 | B83: HID-CXS-110 | C83: CAIXA DE CONTENÇÃO EM ALVENARIA (80X80X100CM), REVESTIMENTO EM ARGAMASSA COM ADITIVO IMPERMEABILIZANTE, COM TAMPA DE CONCRETO, INCLUSIVE ESCAVAÇÃO, REATERRO E TRANSPORTE E RETIRADA DO MATERIAL ESCAVADO | D83: UN | E83: 1 | F83: 669.48 | G83: 669.48
A84: 4.6.1.7 | B84: HID-RAL-011 | C84: RALO SIFONADO PVC CILINDRÍCO 100 X 70 X 40 MM COM GRELHA REDONDA | D84: UN | E84: 3 | F84: 21.09 | G84: 63.27
A85: 4.6.1.8 | B85: HID-MIT-005 | C85: MITRA PVC RÍGIDO (TERMINAL DE VENTILAÇÃO TIPO) 75 MM | D85: U | E85: 2 | F85: 6.84 | G85: 13.68
A86: 4.6.1.9 | B86: 89707 | C86: CAIXA SIFONADA, PVC, DN 100 X 100 X 50 MM, JUNTA ELÁSTICA, FORNECIDA E INSTALADA | D86: UN | E86: 1 | F86: 36.94 | G86: 36.94
A87: 4.6.1.10 | B87: 103001 | C87: GRELHA DE FERRO FUNDIDO SIMPLES COM REQUADRO, 150 X 1000 MM, ASSENTADA COM ARGAMASSA 1 : 3 CIMENTO: AREIA - FORNECIMENTO E INSTALAÇÃO | D87: UN | E87: 4 | F87: 166.42 | G87: 665.68
A88: 4.6.1.11 | B88: HID-CXS-085 | C88: CAIXA DE ESGOTO DE INSPEÇÃO/PASSAGEM EM ALVENARIA (70X70X80CM), REVESTIMENTO EM ARGAMASSA COM ADITIVO IMPERMEABILIZANTE, COM TAMPA DE CONCRETO, INCLUSIVE ESCAVAÇÃO, REATERRO E TRANSPORTE E RETIRADA DO MATERIAL ESCAVADO | D88: UN | E88: 1 | F88: 490.27 | G88: 490.27
A89: 4.6.1.12 | B89: HID-CXS-020 | C89: CAIXA DE REGISTRO EM ALVENARIA (40X40X40CM), REVESTIMENTO EM ARGAMASSA COM ADITIVO IMPERMEABILIZANTE, COM TAMPA DE CONCRETO, INCLUSIVE ESCAVAÇÃO, REATERRO E TRANSPORTE E RETIRADA DO MATERIAL ESCAVADO | D89: UN | E89: 1 | F89: 164.1 | G89: 164.1
A90: 4.6.1.13 | B90: ACE-SAB-025 | C90: SABONETEIRA PLASTICA TIPO DISPENSER PARA SABONETE LIQUIDO COM RESERVATORIO 800 ML | D90: U | E90: 1 | F90: 52.1 | G90: 52.1
A91: 4.6.1.14 | B91: ACE-PAP-025 | C91: PAPELEIRA PLASTICA TIPO DISPENSER PARA PAPEL TOALHA | D91: U | E91: 1 | F91: 54 | G91: 54
A92: 4.6.1.15 | B92: 89784 | C92: TE, PVC, SERIE NORMAL, DN 50 X 50 MM, JUNTA ELÁSTICA, FORNECIDO E INSTALADO | D92: UN | E92: 3 | F92: 19.21 | G92: 57.63
A93: 4.6.1.16 | B93: 89782 | C93: TE, PVC, SERIE NORMAL, DN 40 X 40 MM, JUNTA ELÁSTICA, FORNECIDO E INSTALADO | D93: UN | E93: 15 | F93: 11.13 | G93: 166.95
A94: 4.6.1.17 | B94: 89726 | C94: JOELHO 45 GRAUS, PVC, SERIE NORMAL, DN 40 MM, JUNTA SOLDÁVEL, FORNECIDO E INSTALADO | D94: UN | E94: 7 | F94: 6.44 | G94: 45.08
A95: 4.6.1.18 | B95: 89732 | C95: JOELHO 45 GRAUS, PVC, SERIE NORMAL, DN 50 MM, JUNTA ELÁSTICA, FORNECIDO E INSTALADO | D95: UN | E95: 1 | F95: 10.7 | G95: 10.7
A96: 4.6.1.19 | B96: 89724 | C96: JOELHO 90 GRAUS, PVC, SERIE NORMAL, DN 40 MM, JUNTA ELÁSTICA, FORNECIDO E INSTALADO | D96: UN | E96: 27 | F96: 9.69 | G96: 261.63
A97: 4.6.1.20 | B97: 89801 | C97: JOELHO 90 GRAUS, PVC, SERIE NORMAL, DN 50 MM, JUNTA ELÁSTICA, FORNECIDO E INSTALADO | D97: UN | E97: 4 | F97: 6.68 | G97: 26.72
A98: 4.6.1.21 | B98: 89827 | C98: JUNÇÃO SIMPLES, PVC, SERIE NORMAL, DN 50 X 50 MM, JUNTA ELÁSTICA, FORNECIDO E INSTALADO | D98: UN | E98: 2 | F98: 17.42 | G98: 34.84
A99: 4.6.1.22 | B99: 89752 | C99: LUVA SIMPLES, PVC, SERIE NORMAL, DN 40 MM, JUNTA SOLDÁVEL, FORNECIDO E INSTALADO | D99: UN | E99: 5 | F99: 5.66 | G99: 28.3
A100: 4.6.1.23 | B100: 89813 | C100: LUVA SIMPLES, PVC, SERIE NORMAL, DN 50 MM, JUNTA SOLDÁVEL, FORNECIDO E INSTALADO | D100: UN | E100: 7 | F100: 6.79 | G100: 47.53
...

Sheet BDI (DESONERADO)
A1: UNIVERSIDADE FEDERAL DOS VALES DO JEQUITINHONHA E MUCURI CAMPUS PRESIDENTE JUSCELINO KUBITSCHEK - DIAMANTINA - MG REFORMA E AMPLIAÇÃO DO ABRIGO DE RESÍDUOS DE SERVIÇOS DE SAÚDE (RSS) BDI DE SERVIÇOS DE REFERÊNCIA
A2: MODELO COMPOSIÇÃO DA TAXA DE BENEFÍCIOS E DESPESAS INDIRETAS CIDADE DE DIAMANTIA (DESONERADO)
A3: Grupo | B3: A | C3: Despesas indiretas
B4: A.1 | C4: Administração central | D4: 0.04
B5: A.2 | C5: Garantia e Seguro Contratual | D5: 0.01
B6: A.3 | C6: Seguro de Risco de Engenharia | D6: 0.0127
B7: A.4 | C7: Outros | D7: 0
C8: Total do grupo A | D8: =SUM(D4:D7) -> 0.0627
A10: Grupo | B10: B | C10: Bonificação
B11: B.1 | C11: Lucro | D11: 0.074
C12: Total do grupo B | D12: =SUM(D11) -> 0.074
A14: Grupo | B14: C | C14: Impostos
B15: C.1 | C15: PIS | D15: 0.0065
B16: C.2 | C16: COFINS | D16: 0.03
B17: C.3 | C17: ISS (Prefeitura de Diamantina)* | D17: 0.04
B18: C.4 | C18: CPRB (Contribuição Previdenciária sobre Renda Bruta) | D18: 0.045
C19: Total do grupo C | D19: =SUM(D15:D18) -> 0.1215
A21: Grupo | B21: D | C21: Despesas Financeiras (F)
C22: Despesas Financeiras (F) | D22: 0.0123
C23: Total do grupo D | D23: =SUM(D22) -> 0.0123
A25: Fórmula para o cálculo do B.D.I. ( benefícios e despesas indiretas )
A26: BDI = BDI (%) = [(1+A) x (1+F) x (1+B)]/(1-I) - 1 | D26: =((((1+D8)*(1+D23)*(1+D12))/(1-D19)-1)) -> 0.31517163

Sheet Curva ABC
A1: OBRA: REFORMA E AMPLIAÇÃO DO ABRIGO DE RESÍDUOS DE SERVIÇOS DE SAÚDE (RSS) | J1: Encargos sociais
A2: CURVA ABC DE INSUMOS | J2: Não desonerado: 0,00%
A3: Código | B3: Banco | C3: Descrição | D3: Und | E3: Quantidade | F3: Valor Unitário | G3: Total | I3: Peso | J3: Valor Acumulado | K3: Peso Acumulado
E4: Operativa | F4: Operativa | G4: Operativa | H4: Geral
A5: 40818 | B5: SINAPI | C5: ENCARREGADO GERAL DE OBRAS (MENSALISTA) | D5: MES | E5: 4.0524 | F5: 5777.56 | G5: 23412.98 | H5: 23412.98 | I5: 0.1166 | J5: 23412.98 | K5: 0.1166
A6: MATED- 11579 | B6: SETOP | C6: TUBO DE AÇO CARBONO GALVANIZADO COM COSTURA (CLASSE: MÉDIA| DN: 50MM(2")|ESPESSURA: 3,75MM|PESO: 5,23KG/M) | D6: m | E6: 170.184 | F6: 92.23 | G6: 15696.07 | H6: 15696.07 | I6: 0.0782 | J6: 39109.05 | K6: 0.1947
A7: MATED- 11981 | B7: SETOP | C7: PORTÃO EM TUBO GALVANIZADO 1 1/2" COM TELA FIO 12 # 1/2" E CADEADO | D7: m² | E7: 31.02 | F7: 287 | G7: 8902.74 | H7: 8902.74 | I7: 0.0443 | J7: 48011.79 | K7: 0.2391
A8: MOED- 20154 | B8: SETOP | C8: SERVENTE | D8: H | E8: 586.05346 | F8: 11.85 | G8: 6944.73 | H8: 6944.73 | I8: 0.0346 | J8: 54956.53 | K8: 0.2737
A9: 1525 | B9: SINAPI | C9: CONCRETO USINADO BOMBEAVEL, CLASSE DE RESISTENCIA C30, COM BRITA 0 E 1, SLUMP = 100 +/- 20 MM, INCLUI SERVICO DE BOMBEAMENTO (NBR 8953) | D9: m³ | E9: 14.7615 | F9: 430.55 | G9: 6355.56 | H9: 6355.56 | I9: 0.0316 | J9: 61312.09 | K9: 0.3053
A10: MATED- 12176 | B10: SETOP | C10: TELHA GALVANIZADA ( MODELO: TRAPEZOIDAL/ ACABAMENTO: NATURAL SEM PINTURA/ESPESSURA TELHA: 0,50MM/ALTURA: 40MM/TIPO: SIMPLES SEM ISOLAMENTO TERMOACÚSTICO/ MATERIAL: GALVALUME) | D10: m² | E10: 117.6 | F10: 48.09 | G10: 5655.38 | H10: 5655.38 | I10: 0.0282 | J10: 66967.48 | K10: 0.3335
A11: 40598 | B11: SINAPI | C11: PERFIL UDC ("U" DOBRADO DE CHAPA) SIMPLES DE ACO LAMINADO, GALVANIZADO, ASTM A36, 127 X 50 MM, E= 3 MM | D11: KG | E11: 559.98 | F11: 8.79 | G11: 4922.22 | H11: 4922.22 | I11: 0.0245 | J11: 71889.7 | K11: 0.358
A12: 6111 | B12: SINAPI | C12: SERVENTE DE OBRAS | D12: H | E12: 398.44125 | F12: 11.85 | G12: 4721.53 | H12: 4721.53 | I12: 0.0235 | J12: 76611.23 | K12: 0.3815
A13: MATED- 11415 | B13: SETOP | C13: AZULEJO ESMALTADO LISO (COMPRIMENTO: 20CM| LARGURA: 20CM) | D13: m² | E13: 160.24575 | F13: 29.26 | G13: 4688.79 | H13: 4688.79 | I13: 0.0233 | J13: 81300.02 | K13: 0.4048
A14: 7156 | B14: SINAPI | C14: TELA DE ACO SOLDADA NERVURADA, CA-60, Q-196, (3,11 KG/M2), DIAMETRO DO FIO = 5,0 MM, LARGURA = 2,45 M, ESPACAMENTO DA MALHA = 10 X 10 CM | D14: m² | E14: 126.22013 | F14: 36.83 | G14: 4648.69 | H14: 4648.69 | I14: 0.0231 | J14: 85948.71 | K14: 0.428
A15: MATED- 11266 | B15: SETOP | C15: TELA DE ARAME GALVANIZADO PARA ALAMBRADO (DIMENSÕES DA TRAMA: 2X2"| TIPO DA MALHA: LOSANGULAR| BITOLA DO FIO: BWG 14 (2, 10MM)) | D15: m² | E15: 170.184 | F15: 26.53 | G15: 4514.98 | H15: 4514.98 | I15: 0.0225 | J15: 90463.69 | K15: 0.4505
A16: 4750 | B16: SINAPI | C16: PEDREIRO (HORISTA) | D16: H | E16: 210.03892 | F16: 17.92 | G16: 3763.9 | H16: 3763.9 | I16: 0.0187 | J16: 94227.59 | K16: 0.4692
A17: MATED- 11258 | B17: SETOP | C17: CIMENTO PORTLAND CP II- E-32 (RESISTÊNCIA: 32,00 MPA) | D17: Kg | E17: 6600.2592 | F17: 0.57 | G17: 3762.15 | H17: 3762.15 | I17: 0.0187 | J17: 97989.73 | K17: 0.4879
A18: 37592 | B18: SINAPI | C18: BLOCO CERAMICO / TIJOLO VAZADO PARA ALVENARIA DE VEDACAO, FUROS NA VERTICAL,, 9 X 19 X 39 CM (NBR 15270) | D18: UN | E18: 1559.376 | F18: 2 | G18: 3118.75 | H18: 3118.75 | I18: 0.0155 | J18: 101108.49 | K18: 0.5035
A19: 4783 | B19: SINAPI | C19: PINTOR (HORISTA) | D19: H | E19: 168.26082 | F19: 17.92 | G19: 3015.23 | H19: 3015.23 | I19: 0.015 | J19: 104123.72 | K19: 0.5185
A20: 980 | B20: SINAPI | C20: CABO DE COBRE, FLEXIVEL, CLASSE 4 OU 5, ISOLACAO EM PVC/A, ANTICHAMA BWF-B, 1 CONDUTOR, 450/750 V, SECAO NOMINAL 10 MM2 | D20: M | E20: 308.1 | F20: 8.89 | G20: 2739.01 | H20: 2739.01 | I20: 0.0136 | J20: 106862.73 | K20: 0.5321
A21: 43083 | B21: SINAPI | C21: PERFIL "U" ENRIJECIDO DE ACO GALVANIZADO, DOBRADO, 150 X 60 X 20 MM, E = 3,00 MM OU 200 X 75 X 25 MM, E = 3,75 MM | D21: KG | E21: 280.56175 | F21: 9.01 | G21: 2527.86 | H21: 2527.86 | I21: 0.0126 | J21: 109390.59 | K21: 0.5447
A22: MOED- 20150 | B22: SETOP | C22: PEDREIRO | D22: H | E22: 140.61343 | F22: 17.92 | G22: 2519.79 | H22: 2519.79 | I22: 0.0125 | J22: 111910.38 | K22: 0.5573
A23: 2696 | B23: SINAPI | C23: ENCANADOR OU BOMBEIRO HIDRAULICO (HORISTA) | D23: H | E23: 122.06166 | F23: 17.92 | G23: 2187.34 | H23: 2187.34 | I23: 0.0109 | J23: 114097.73 | K23: 0.5681
A24: 40783 | B24: SINAPI | C24: CALHA QUADRADA DE CHAPA DE ACO GALVANIZADA NUM 24, CORTE 50 CM | D24: M | E24: 29.757 | F24: 65.79 | G24: 1957.71 | H24: 1957.71 | I24: 0.0097 | J24: 116055.44 | K24: 0.5779
A25: MATED- 11344 | B25: SETOP | C25: PONTALETE 3A. CONSTRUÇÃO (SEÇÃO TRANSVERSAL: 3"X3" [7,5X7 ,5CM]|TIPO DE MADEIRA: CEDRO OU EQUIVALENTE DA REGIÃO) | D25: m | E25: 233.794 | F25: 8.33 | G25: 1947.5 | H25: 1947.5 | I25: 0.0097 | J25: 118002.94 | K25: 0.5876
A26: MATED- 12660 | B26: SETOP | C26: PORTÃO DE FERRO PADRÃO, EM CHAPA (TIPO LAMBRI ) | D26: m² | E26: 9.45 | F26: 203 | G26: 1918.35 | H26: 1918.35 | I26: 0.0096 | J26: 119921.29 | K26: 0.5971
A27: MATED- 13096 | B27: SETOP | C27: CESTA BÁSICA/ ALIMENTAÇÃO - HORISTA ( ENCARGOS COMPLEMENTARES) | D27: hora | E27: 1349.0698 | F27: 1.41 | G27: 1902.19 | H27: 1902.19 | I27: 0.0095 | J27: 121823.48 | K27: 0.6066
A28: 1379 | B28: SINAPI | C28: CIMENTO PORTLAND COMPOSTO CP II-32 | D28: KG | E28: 2781.1532 | F28: 0.66 | G28: 1835.56 | H28: 1835.56 | I28: 0.0091 | J28: 123659.04 | K28: 0.6158
A29: MOED- 20138 | B29: SETOP | C29: AZULEJISTA | D29: H | E29: 93.26472 | F29: 19.43 | G29: 1812.13 | H29: 1812.13 | I29: 0.009 | J29: 125471.18 | K29: 0.6248
A30: MATED- 11248 | B30: SETOP | C30: AREIA LAVADA POSTO OBRA (TIPO: MÉDIA) | D30: m³ | E30: 19.727828 | F30: 91.25 | G30: 1800.16 | H30: 1800.16 | I30: 0.009 | J30: 127271.34 | K30: 0.6337
A31: MATED- 11251 | B31: SETOP | C31: PEDRA BRITADA POSTO OBRA (NÚMERO: 2| GRANULOMETRIA: 19-38MM ) | D31: m³ | E31: 17.276428 | F31: 102 | G31: 1762.2 | H31: 1762.2 | I31: 0.0088 | J31: 129033.54 | K31: 0.6425
A32: MOED- 20149 | B32: SETOP | C32: MONTADOR | D32: H | E32: 99.98 | F32: 17.43 | G32: 1742.65 | H32: 1742.65 | I32: 0.0087 | J32: 130776.19 | K32: 0.6512
A33: 37370 | B33: SINAPI | C33: ALIMENTACAO - HORISTA (COLETADO CAIXA) | D33: H | E33: 1217.2827 | F33: 1.41 | G33: 1716.37 | H33: 1716.37 | I33: 0.0085 | J33: 132492.56 | K33: 0.6597
A34: MOED- 20141 | B34: SETOP | C34: CARPINTEIRO DE FORMA | D34: H | E34: 91.718258 | F34: 17.92 | G34: 1643.59 | H34: 1643.59 | I34: 0.0082 | J34: 134136.15 | K34: 0.6679
A35: 246 | B35: SINAPI | C35: AUXILIAR DE ENCANADOR OU BOMBEIRO HIDRAULICO (HORISTA) | D35: H | E35: 118.96305 | F35: 13.51 | G35: 1607.19 | H35: 1607.19 | I35: 0.008 | J35: 135743.34 | K35: 0.6759
A36: MOED- 20151 | B36: SETOP | C36: PINTOR | D36: H | E36: 78.4 | F36: 17.92 | G36: 1404.93 | H36: 1404.93 | I36: 0.007 | J36: 137148.27 | K36: 0.6829
A37: 1287 | B37: SINAPI | C37: PISO EM CERAMICA ESMALTADA EXTRA, PEI MAIOR OU IGUAL A 4, FORMATO MENOR OU IGUAL A 2025 CM2 | D37: m² | E37: 43.99 | F37: 31.75 | G37: 1396.68 | H37: 1396.68 | I37: 0.007 | J37: 138544.95 | K37: 0.6899
A38: PM30 | B38: Próprio | C38: CHUVEIRO LAVA-OLHOS MANUAL EM FERRO GALVANIZADO | D38: UND | E38: 1 | F38: 1350.36 | G38: 1350.36 | H38: 1350.36 | I38: 0.0067 | J38: 139895.31 | K38: 0.6966
A39: 7288 | B39: SINAPI | C39: TINTA ESMALTE SINTETICO PREMIUM FOSCO | D39: L | E39: 36.27585 | F39: 33.23 | G39: 1205.45 | H39: 1205.45 | I39: 0.006 | J39: 141100.76 | K39: 0.7026
A40: ED-8461 | B40: SETOP | C40: FORMA E DESFORMA PARA LAJE DE MADEIRA COM TÁBUA E SARRAFO, REAPROVEITAMENTO (3X), EXCLUSIVE ESCORAMENTO | D40: m² | E40: 24.09856 | F40: 48.08 | G40: 1158.66 | H40: 1158.66 | I40: 0.0058 | J40: 142259.41 | K40: 0.7084
A41: 1014 | B41: SINAPI | C41: CABO DE COBRE, FLEXIVEL, CLASSE 4 OU 5, ISOLACAO EM PVC/A, ANTICHAMA BWF-B, 1 CONDUTOR, 450/750 V, SECAO NOMINAL 2,5 MM2 | D41: M | E41: 553.35 | F41: 2.08 | G41: 1150.97 | H41: 1150.97 | I41: 0.0057 | J41: 143410.38 | K41: 0.7141
A42: 38877 | B42: SINAPI | C42: MASSA PREMIUM PARA TEXTURA LISA DE BASE ACRILICA, USO INTERNO E EXTERNO | D42: KG | E42: 234.28482 | F42: 4.85 | G42: 1136.28 | H42: 1136.28 | I42: 0.0057 | J42: 144546.66 | K42: 0.7198
A43: MATED- 13099 | B43: SETOP | C43: EXAMES - HORISTA ( ENCARGOS COMPLEMENTARES) | D43: hora | E43: 1349.0698 | F43: 0.81 | G43: 1092.75 | H43: 1092.75 | I43: 0.0054 | J43: 145639.41 | K43: 0.7252
A44: MATED- 13097 | B44: SETOP | C44: TRANSPORTE - HORISTA ( ENCARGOS COMPLEMENTARES) | D44: hora | E44: 1349.0698 | F44: 0.77 | G44: 1038.78 | H44: 1038.78 | I44: 0.0052 | J44: 146678.19 | K44: 0.7304
A45: ED-8411 | B45: SETOP | C45: FORMA E DESFORMA PARA LAJE COM CHAPA DE COMPENSADO RESINADO, ESP. 12MM, REAPROVEITAMENTO (3X), EXCLUSIVE ESCORAMENTO | D45: m² | E45: 18.63672 | F45: 55.21 | G45: 1028.93 | H45: 1028.93 | I45: 0.0051 | J45: 147707.13 | K45: 0.7355
A46: 1106 | B46: SINAPI | C46: CAL HIDRATADA CH-I PARA ARGAMASSAS | D46: KG | E46: 1370.486 | F46: 0.75 | G46: 1027.86 | H46: 1027.86 | I46: 0.0051 | J46: 148734.99 | K46: 0.7406
A47: 7356 | B47: SINAPI | C47: TINTA LATEX ACRILICA PREMIUM, COR BRANCO FOSCO | D47: L | E47: 50.3415 | F47: 20.34 | G47: 1023.95 | H47: 1023.95 | I47: 0.0051 | J47: 149758.94 | K47: 0.7457
A48: 9837 | B48: SINAPI | C48: TUBO PVC SERIE NORMAL, DN 75 MM, PARA ESGOTO PREDIAL (NBR 5688) | D48: M | E48: 63.182666 | F48: 16.15 | G48: 1020.4 | H48: 1020.4 | I48: 0.0051 | J48: 150779.34 | K48: 0.7508
A49: 33 | B49: SINAPI | C49: ACO CA-50, 8,0 MM, VERGALHAO | D49: KG | E49: 101.41404 | F49: 9.86 | G49: 999.94 | H49: 999.94 | I49: 0.005 | J49: 151779.28 | K49: 0.7558
A50: 37372 | B50: SINAPI | C50: EXAMES - HORISTA (COLETADO CAIXA) | D50: H | E50: 1217.2827 | F50: 0.81 | G50: 986 | H50: 986 | I50: 0.0049 | J50: 152765.28 | K50: 0.7607
A51: 37371 | B51: SINAPI | C51: TRANSPORTE - HORISTA (COLETADO CAIXA) | D51: H | E51: 1217.2827 | F51: 0.77 | G51: 937.31 | H51: 937.31 | I51: 0.0047 | J51: 153702.59 | K51: 0.7654
A52: 42407 | B52: SINAPI | C52: TRELICA NERVURADA (ESPACADOR), ALTURA = 120,0 MM, DIAMETRO DOS BANZOS INFERIORES E SUPERIOR = 6,0 MM, DIAMETRO DA DIAGONAL = 4,2 MM | D52: M | E52: 103.68082 | F52: 8.4 | G52: 870.92 | H52: 870.92 | I52: 0.0043 | J52: 154573.51 | K52: 0.7697
A53: 37411 | B53: SINAPI | C53: TELA DE ACO SOLDADA GALVANIZADA/ZINCADA PARA ALVENARIA, FIO D = *1,24 MM, MALHA 25 X 25 MM | D53: m² | E53: 36.255492 | F53: 23.86 | G53: 865.06 | H53: 865.06 | I53: 0.0043 | J53: 155438.56 | K53: 0.774
A54: MATED- 11282 | B54: SETOP | C54: BARRA AÇO CA-50 (BITOLA: 10,00 MM|MASSA LINEAR: 0 ,617 KG/M) | D54: Kg | E54: 107.61861 | F54: 8.03 | G54: 864.18 | H54: 864.18 | I54: 0.0043 | J54: 156302.74 | K54: 0.7783
A55: 370 | B55: SINAPI | C55: AREIA MEDIA - POSTO JAZIDA/FORNECEDOR (RETIRADO NA JAZIDA, SEM TRANSPORTE) | D55: m³ | E55: 10.611928 | F55: 81.25 | G55: 862.22 | H55: 862.22 | I55: 0.0043 | J55: 157164.96 | K55: 0.7826
A56: 626 | B56: SINAPI | C56: MANTA LIQUIDA DE BASE ASFALTICA MODIFICADA COM A ADICAO DE ELASTOMEROS DILUIDOS EM SOLVENTE ORGANICO, APLICACAO A FRIO (MEMBRANA IMPERMEABILIZANTE ASFASTICA) | D56: KG | E56: 51.75 | F56: 16.61 | G56: 859.57 | H56: 859.57 | I56: 0.0043 | J56: 158024.53 | K56: 0.7869
A57: MATED- 12465 | B57: SETOP | C57: CAIXILHO FIXO DE FERRO COM TELA CORRUGADA # 15 mm FIO 12 | D57: m² | E57: 5.41 | F57: 156.35 | G57: 845.85 | H57: 845.85 | I57: 0.0042 | J57: 158870.38 | K57: 0.7911
A58: ED-8460 | B58: SETOP | C58: FORMA E DESFORMA PARA VIGA DE MADEIRA COM TÁBUA E SARRAFO, REAPROVEITAMENTO (3X), EXCLUSIVE ESCORAMENTO | D58: m² | E58: 15.10656 | F58: 54.97 | G58: 830.41 | H58: 830.41 | I58: 0.0041 | J58: 159700.79 | K58: 0.7952
A59: 43499 | B59: SINAPI | C59: EPI - FAMILIA ENCARREGADO GERAL - MENSALISTA (ENCARGOS COMPLEMENTARES - COLETADO CAIXA) | D59: MES | E59: 4 | F59: 202.94 | G59: 811.76 | H59: 811.76 | I59: 0.004 | J59: 160512.55 | K59: 0.7993
A60: 13388 | B60: SINAPI | C60: SOLDA EM BARRA DE ESTANHO-CHUMBO 50/50 | D60: KG | E60: 2.5506 | F60: 311.45 | G60: 794.38 | H60: 794.38 | I60: 0.004 | J60: 161306.93 | K60: 0.8032
A61: 2436 | B61: SINAPI | C61: ELETRICISTA | D61: H | E61: 42.259113 | F61: 17.92 | G61: 757.28 | H61: 757.28 | I61: 0.0038 | J61: 162064.22 | K61: 0.807
A62: 3324 | B62: SINAPI | C62: GRAMA BATATAIS EM PLACAS, SEM PLANTIO | D62: m² | E62: 83.77 | F62: 9.03 | G62: 756.44 | H62: 756.44 | I62: 0.0038 | J62: 162820.66 | K62: 0.8108
A63: MATED- 8356 | B63: SETOP | C63: BARRA AÇO CA-50 (BITOLA: 6,30 MM|MASSA LINEAR: 0, 245 KG/M) | D63: Kg | E63: 88.90233 | F63: 8.41 | G63: 747.67 | H63: 747.67 | I63: 0.0037 | J63: 163568.33 | K63: 0.8145
A64: ED-8410 | B64: SETOP | C64: FORMA E DESFORMA PARA VIGA COM CHAPA DE COMPENSADO RESINADO, ESP. 12MM, REAPROVEITAMENTO (3X), EXCLUSIVE ESCORAMENTO | D64: m² | E64: 11.68272 | F64: 62.96 | G64: 735.54 | H64: 735.54 | I64: 0.0037 | J64: 164303.87 | K64: 0.8181
A65: MATED- 12286 | B65: SETOP | C65: ELETRODUTO DE AÇO GALVANIZADO (TIPO: LEVE/ DIÂMETRO: 3/4") | D65: m | E65: 105.6 | F65: 6.96 | G65: 734.98 | H65: 734.98 | I65: 0.0037 | J65: 165038.85 | K65: 0.8218
A66: MOED- 8499 | B66: SETOP | C66: OPERADOR DE BETONEIRA ESTACIONÁRIA | D66: H | E66: 45.756543 | F66: 15.45 | G66: 706.94 | H66: 706.94 | I66: 0.0035 | J66: 165745.79 | K66: 0.8253
A67: 7307 | B67: SINAPI | C67: FUNDO ANTICORROSIVO PARA METAIS FERROSOS (ZARCAO) | D67: L | E67: 19.793471 | F67: 35.36 | G67: 699.9 | H67: 699.9 | I67: 0.0035 | J67: 166445.68 | K67: 0.8288
A68: MOED- 20144 | B68: SETOP | C68: ARMADOR | D68: H | E68: 38.992222 | F68: 17.92 | G68: 698.74 | H68: 698.74 | I68: 0.0035 | J68: 167144.42 | K68: 0.8323
A69: MATED- 11250 | B69: SETOP | C69: PEDRA BRITADA POSTO OBRA (NÚMERO: 1| GRANULOMETRIA: 9,5- 19MM) | D69: m³ | E69: 6.865742 | F69: 101.65 | G69: 697.9 | H69: 697.9 | I69: 0.0035 | J69: 167842.33 | K69: 0.8358
A70: ED-14664 | B70: SETOP | C70: EPI PARA SERVENTE - HORISTA (ENCARGOS COMPLEMENTARES) | D70: hora | E70: 586.05346 | F70: 1.15 | G70: 673.96 | H70: 673.96 | I70: 0.0034 | J70: 168516.29 | K70: 0.8391
A71: 12038 | B71: SINAPI | C71: QUADRO DE DISTRIBUICAO COM BARRAMENTO TRIFASICO, DE SOBREPOR, EM CHAPA DE ACO GALVANIZADO, PARA 18 DISJUNTORES DIN, 100 A | D71: UN | E71: 1 | F71: 631.17 | G71: 631.17 | H71: 631.17 | I71: 0.0031 | J71: 169147.46 | K71: 0.8423
A72: 40863 | B72: SINAPI | C72: EXAMES - MENSALISTA (COLETADO CAIXA) | D72: MES | E72: 4 | F72: 152.35 | G72: 609.4 | H72: 609.4 | I72: 0.003 | J72: 169756.86 | K72: 0.8453
A73: MATED- 11285 | B73: SETOP | C73: BARRA AÇO CA-60 (BITOLA: 5,00 MM|MASSA LINEAR: 0, 154 KG/M) | D73: Kg | E73: 65.50698 | F73: 9.21 | G73: 603.32 | H73: 603.32 | I73: 0.003 | J73: 170360.18 | K73: 0.8483
A74: MATED- 8357 | B74: SETOP | C74: BARRA AÇO CA-50 (BITOLA: 8,00 MM|MASSA LINEAR: 0, 395 KG/M) | D74: Kg | E74: 70.18605 | F74: 8.41 | G74: 590.26 | H74: 590.26 | I74: 0.0029 | J74: 170950.44 | K74: 0.8512
A75: 11235 | B75: SINAPI | C75: GRELHA FOFO SIMPLES COM REQUADRO, CARGA MAXIMA 1,5 T, 150 X 1000 MM, E= *15* MM | D75: UN | E75: 4 | F75: 147.34 | G75: 589.36 | H75: 589.36 | I75: 0.0029 | J75: 171539.8 | K75: 0.8542
A76: 9868 | B76: SINAPI | C76: TUBO PVC, SOLDAVEL, DN 25 MM, AGUA FRIA (NBR-5648) | D76: M | E76: 101.856 | F76: 5.48 | G76: 558.17 | H76: 558.17 | I76: 0.0028 | J76: 172097.97 | K76: 0.857
A77: MOED- 20129 | B77: SETOP | C77: AJUDANTE DE CARPINTEIRO | D77: H | E77: 38.829522 | F77: 14.11 | G77: 547.88 | H77: 547.88 | I77: 0.0027 | J77: 172645.86 | K77: 0.8597
A78: MOED- 20142 | B78: SETOP | C78: ELETRICISTA | D78: H | E78: 29.466666 | F78: 17.92 | G78: 528.04 | H78: 528.04 | I78: 0.0026 | J78: 173173.9 | K78: 0.8623
A79: 247 | B79: SINAPI | C79: AJUDANTE DE ELETRICISTA | D79: H | E79: 40.932628 | F79: 12.58 | G79: 514.93 | H79: 514.93 | I79: 0.0026 | J79: 173688.83 | K79: 0.8649
A80: MATED- 8358 | B80: SETOP | C80: BARRA AÇO CA-50 (BITOLA: 12,50 MM|MASSA LINEAR: 0 ,963 KG/M) | D80: Kg | E80: 65.50698 | F80: 7.64 | G80: 500.47 | H80: 500.47 | I80: 0.0025 | J80: 174189.31 | K80: 0.8674
A81: 38775 | B81: SINAPI | C81: LUMINARIA TIPO TARTARUGA PARA AREA EXTERNA EM ALUMINIO, COM GRADE, PARA 1 LAMPADA, BASE E27, POTENCIA MAXIMA 40/60 W (NAO INCLUI LAMPADA) | D81: UN | E81: 4 | F81: 121.65 | G81: 486.6 | H81: 486.6 | I81: 0.0024 | J81: 174675.91 | K81: 0.8698
A82: MATED- 11354 | B82: SETOP | C82: TÁBUA 3A. CONSTRUÇÃO ( SEÇÃO TRANSVERSAL: 1X12"|ESPESSURA: 25MM| LARGURA: 300MM|TIPO DE MADEIRA: CEDRINHO) | D82: m² | E82: 20.963678 | F82: 23.1 | G82: 484.26 | H82: 484.26 | I82: 0.0024 | J82: 175160.17 | K82: 0.8722
A83: MATED- 11444 | B83: SETOP | C83: TINTA ESMALTE SINTÉTICO (TIPO: PREMIUM/ ACABAMENTO: ACETINADO ) | D83: l | E83: 15.68 | F83: 30.17 | G83: 473.07 | H83: 473.07 | I83: 0.0024 | J83: 175633.23 | K83: 0.8746
A84: 378 | B84: SINAPI | C84: ARMADOR (HORISTA) | D84: H | E84: 26.021241 | F84: 17.92 | G84: 466.3 | H84: 466.3 | I84: 0.0023 | J84: 176099.53 | K84: 0.8769
A85: 2580 | B85: SINAPI | C85: CONDULETE DE ALUMINIO TIPO X, PARA ELETRODUTO ROSCAVEL DE 3/4", COM TAMPA CEGA | D85: UN | E85: 29 | F85: 15.75 | G85: 456.75 | H85: 456.75 | I85: 0.0023 | J85: 176556.28 | K85: 0.8792
A86: 43491 | B86: SINAPI | C86: EPI - FAMILIA SERVENTE - HORISTA (ENCARGOS COMPLEMENTARES - COLETADO CAIXA) | D86: H | E86: 394.63644 | F86: 1.15 | G86: 453.83 | H86: 453.83 | I86: 0.0023 | J86: 177010.11 | K86: 0.8814
A87: MOED- 20134 | B87: SETOP | C87: REJUNTADOR | D87: H | E87: 37.860196 | F87: 11.85 | G87: 448.64 | H87: 448.64 | I87: 0.0022 | J87: 177458.76 | K87: 0.8837
A88: MATED- 11281 | B88: SETOP | C88: BARRA AÇO CA-50 (BITOLA: 16,00 MM|MASSA LINEAR: 1 ,578 KG/M) | D88: Kg | E88: 56.14884 | F88: 7.64 | G88: 428.98 | H88: 428.98 | I88: 0.0021 | J88: 177887.73 | K88: 0.8858
A89: 6085 | B89: SINAPI | C89: SELADOR ACRILICO OPACO PREMIUM INTERIOR/EXTERIOR | D89: L | E89: 43.7504 | F89: 9.72 | G89: 425.25 | H89: 425.25 | I89: 0.0021 | J89: 178312.99 | K89: 0.8879
A90: 9835 | B90: SINAPI | C90: TUBO PVC SERIE NORMAL, DN 40 MM, PARA ESGOTO PREDIAL (NBR 5688) | D90: M | E90: 64.428 | F90: 6.57 | G90: 423.29 | H90: 423.29 | I90: 0.0021 | J90: 178736.28 | K90: 0.89
A91: 1333 | B91: SINAPI | C91: CHAPA DE ACO GROSSA, ASTM A36, E = 1/2 " (12,70 MM) 99,59 KG/M2 | D91: KG | E91: 30.7989 | F91: 12.77 | G91: 393.3 | H91: 393.3 | I91: 0.002 | J91: 179129.58 | K91: 0.892
A92: 44497 | B92: SINAPI | C92: MONTADOR DE ESTRUTURAS METALICAS HORISTA | D92: H | E92: 22.40005 | F92: 17.43 | G92: 390.43 | H92: 390.43 | I92: 0.0019 | J92: 179520.02 | K92: 0.8939
A93: MATED- 12351 | B93: SETOP | C93: ARGAMASSA COLANTE ( TIPO: AC-I) | D93: Kg | E93: 721.10587 | F93: 0.54 | G93: 389.4 | H93: 389.4 | I93: 0.0019 | J93: 179909.41 | K93: 0.8959
A94: ED-16670 | B94: SETOP | C94: PLACA DE OBRA EM CHAPA GALVANIZADA ENRIJECIDA , PLOTADA COM ADESIVO VINÍLICO, FIXADA COM REBITES 4,8X40MM, EM ESTRUTURA METÁLICA DE METALON 20X20MM, ESP. 1 ,25MM, EXCLUSIVE SUPORTE EM EUCALIPTO - PADRÃO GOVERNO DE MINAS GERAIS ( FABRICAÇÃO) | D94: m² | E94: 2.2 | F94: 173.78 | G94: 382.32 | H94: 382.32 | I94: 0.0019 | J94: 180291.73 | K94: 0.8978
A95: 34 | B95: SINAPI | C95: ACO CA-50, 10,0 MM, VERGALHAO | D95: KG | E95: 40.9688 | F95: 9.29 | G95: 380.6 | H95: 380.6 | I95: 0.0019 | J95: 180672.33 | K95: 0.8997
A96: MATED- 13060 | B96: SETOP | C96: TAMPÃO E ARO ARTICULADOS (APLICAÇÃO :CAIXA PADRÃO CEMIG| TIPO: ZB|INSTALAÇÃO: GARAGEM|MATERIAL: FERRO FUNDIDO| COMPRIMENTO*: 700MM| LARGURA*: 590MM)* VALORES REFERENCIAIS APROXIMADOS | D96: un | E96: 1 | F96: 375.94 | G96: 375.94 | H96: 375.94 | I96: 0.0019 | J96: 181048.27 | K96: 0.9015
A97: ED-8459 | B97: SETOP | C97: FORMA E DESFORMA PARA PILAR DE MADEIRA COM TÁBUA E SARRAFO, REAPROVEITAMENTO (3X), EXCLUSIVE ESCORAMENTO | D97: m² | E97: 5.75488 | F97: 65.18 | G97: 375.1 | H97: 375.1 | I97: 0.0019 | J97: 181423.37 | K97: 0.9034
A98: MOED- 20130 | B98: SETOP | C98: AJUDANTE DE ELETRICISTA | D98: H | E98: 29.466666 | F98: 12.58 | G98: 370.69 | H98: 370.69 | I98: 0.0018 | J98: 181794.06 | K98: 0.9052
A99: 3378 | B99: SINAPI | C99: !EM PROCESSO DE DESATIVACAO! HASTE DE ATERRAMENTO EM ACO COM 3,00 M DE COMPRIMENTO E DN = 3/4", REVESTIDA COM BAIXA CAMADA DE COBRE, SEM CONECTOR | D99: UN | E99: 3 | F99: 121.21 | G99: 363.63 | H99: 363.63 | I99: 0.0018 | J99: 182157.69 | K99: 0.9071
A100: 9839 | B100: SINAPI | C100: TUBO PVC, SERIE R, DN 75 MM, PARA ESGOTO OU AGUAS PLUVIAIS PREDIAIS (NBR 5688) | D100: M | E100: 13.8112 | F100: 25.67 | G100: 354.53 | H100: 354.53 | I100: 0.0018 | J100: 182512.23 | K100: 0.9088
...

Sheet Pesquisa de mercado
A1: PESQUISAS DE MERCADO
A2: ABRIGO DE RESÍDUOS DE SERVIÇOS DE SAÚDE
A3: CHUVEIRO LAVA-OLHOS MANUAL EM FERRO GALVANIZADO
A4: CÓDIGO | B4: PESQUISAS | C4: FORNECEDOR | D4: PREÇO UNITÁRIO | E4: FRETE | F4: PREÇO TOTAL
A5: COMP-ABRIGO-01 (PM30) | B5: PM01 | C5: HM CHUVEIROS | D5: R$ 1.490,00 | E5: R$ 20,97 | F5: R$ 1.510,97
B6: PM02 | C6: PATAVO SUPRIMENTOS | D6: R$ 1.026,00 | E6: R$ 64,00 | F6: R$ 1.090,00
B7: PM03 | C7: PROLAB | D7: R$ 1.198,00 | E7: R$ 252,12 | F7: R$ 1.450,12
B8: MÉDIA DOS ORÇAMENTOS | F8: R$ 1.350,36
A10: FRISO PROTETOR DE PORTA CONTRA INSETOS E ÁGUA DE CHUVA
A11: CÓDIGO | B11: PESQUISAS | C11: FORNECEDOR | D11: PREÇO UNITÁRIO | E11: FRETE | F11: PREÇO TOTAL
A12: COMP-ABRIGO-02 (00000039) | B12: PM01 | C12: MAGAZINE LUIZA | D12: R$ 25,00 | E12: R$ 12,90 | F12: R$ 37,90
B13: PM02 | C13: SHOPTIME | D13: R$ 34,08 | E13: R$ 18,99 | F13: R$ 53,07
B14: PM03 | C14: LOJAS AMERICANAS | D14: R$ 16,96 | E14: R$ 30,99 | F14: R$ 47,95
B15: MÉDIA DOS ORÇAMENTOS | F15: R$ 46,31
